Workbook
Name \0: #REF!
Name \0: #REF!
Name \0: #REF!
Name ___esc15: #REF!
Name ___esc4: #REF!
Name ___esc6: #REF!
Name __bookmark_1: COTAÇÕES!#REF!
Name __bookmark_1: COTAÇÕES!#REF!
Name __bookmark_10: COTAÇÕES!#REF!
Name __bookmark_10: COTAÇÕES!#REF!
Name __bookmark_11: COTAÇÕES!#REF!
Name __bookmark_11: COTAÇÕES!#REF!
Name __bookmark_12: COTAÇÕES!#REF!
Name __bookmark_12: COTAÇÕES!#REF!
Name __bookmark_13: COTAÇÕES!#REF!
Name __bookmark_13: COTAÇÕES!#REF!
Name __bookmark_14: COTAÇÕES!#REF!
Name __bookmark_14: COTAÇÕES!#REF!
Name __bookmark_15: COTAÇÕES!#REF!
Name __bookmark_15: COTAÇÕES!#REF!
Name __bookmark_16: COTAÇÕES!#REF!
Name __bookmark_16: COTAÇÕES!#REF!
Name __bookmark_17: COTAÇÕES!#REF!
Name __bookmark_17: COTAÇÕES!#REF!
Name __bookmark_18: COTAÇÕES!#REF!
Name __bookmark_18: COTAÇÕES!#REF!
Name __bookmark_19: COTAÇÕES!#REF!
Name __bookmark_19: COTAÇÕES!#REF!
Name __bookmark_2: COTAÇÕES!#REF!
Name __bookmark_2: COTAÇÕES!#REF!
Name __bookmark_20: COTAÇÕES!#REF!
Name __bookmark_20: COTAÇÕES!#REF!
Name __bookmark_21: COTAÇÕES!#REF!
Name __bookmark_21: COTAÇÕES!#REF!
Name __bookmark_22: COTAÇÕES!#REF!
Name __bookmark_22: COTAÇÕES!#REF!
Name __bookmark_23: COTAÇÕES!#REF!
Name __bookmark_23: COTAÇÕES!#REF!
Name __bookmark_24: COTAÇÕES!#REF!
Name __bookmark_24: COTAÇÕES!#REF!
Name __bookmark_25: COTAÇÕES!#REF!
Name __bookmark_25: COTAÇÕES!#REF!
Name __bookmark_26: COTAÇÕES!#REF!
Name __bookmark_26: COTAÇÕES!#REF!
Name __bookmark_27: COTAÇÕES!#REF!
Name __bookmark_27: COTAÇÕES!#REF!
Name __bookmark_28: COTAÇÕES!#REF!
Name __bookmark_28: COTAÇÕES!#REF!
Name __bookmark_29: COTAÇÕES!#REF!
Name __bookmark_29: COTAÇÕES!#REF!
Name __bookmark_3: COTAÇÕES!#REF!
Name __bookmark_3: COTAÇÕES!#REF!
Name __bookmark_30: COTAÇÕES!#REF!
Name __bookmark_30: COTAÇÕES!#REF!
Name __bookmark_31: COTAÇÕES!#REF!
Name __bookmark_31: COTAÇÕES!#REF!
Name __bookmark_32: COTAÇÕES!#REF!
Name __bookmark_32: COTAÇÕES!#REF!
Name __bookmark_33: COTAÇÕES!#REF!
Name __bookmark_33: COTAÇÕES!#REF!

Sheet Orçamento UTR II
A1: ORÇAMENTO SINTÉTICO
A2: 000942 - TRÊS PONTAS/MG-S.A.A.- UTR ETA II - PEP: SE11000/O0
A3: Localidade: TRÊS PONTAS - Base de Dados: DIBH0625 - SINAPI 1224 - Belo Horizonte - DESONERADA | M3: 13.8
A5: Linha | B5: Código | C5: Descrição | D5: Un. | E5: Quant. | G5: Custo $ | H5: Unit. Preço$ | I5: Preço $ | J5: BDI-O % | K5: BDI-F %
A6: 1 | C6: TOTAL DO ORÇAMENTO | G6: =G7+G90+G158+G188+G209 -> 1300712.6 | I6: =I7+I90+I158+I188+I209 -> 1601824.6 | J6: 1.292 | K6: 1.193
A7: 2 | C7: SERVIÇOS AUXILIARES | G7: =G8 -> 456325.06 | I7: =I8 -> 570762.13
A8: 3 | C8: UTR ETA II - TANQUES DE COMPENSAÇÃO/ELEV. DE EFLUENTES DA ETA | G8: =G9+G46+G86 -> 456325.06 | I8: =I9+I46+I86 -> 570762.13
A9: 4 | C9: SERVIÇOS | G9: =G10+G12+G14+G22+G30+G32+G39+G44 -> 266326.56 | I9: =I10+I12+I14+I22+I30+I32+I39+I44 -> 344093.91 | L9: =IF(I9/G9=1.292,"OK!","Erro!") -> OK!
A10: 5 | C10: Serviços Específicos | G10: =SUM(G11) -> 19261.44 | I10: =SUM(I11) -> 24885.78
A11: 6 | B11: SE11000/O0-S001 | C11: ELABORAÇÃO DE PROJETO EXECUTIVO COMPLEMENTAR, DESTINADO A AJUSTES NECESSÁRIOS DURANTE A OBRA, ELÉTRICO E ESTRUTURAL EM FORMATO A1 | D11: UN | E11: 1 | F11: ='LISTA DE COMPOSIÇÕES'!F5 -> 19261.44 | G11: =F11*E11 -> 19261.44 | H11: =F11*J11 -> 24885.78 | I11: =H11*E11 -> 24885.78 | J11: 1.292
A12: 7 | C12: Serviços Preliminares | G12: =SUM(G13) -> 722.5 | I12: =SUM(I13) -> 933.47 | L12: =IF(I12/G12=1.292,"OK!","Erro!") -> OK!
A13: 8 | B13: 65000017 | C13: LOCACAO ESTRUTURAS - GABARITO/TABEIRA PARA OBRAS | D13: M2 | E13: 125 | F13: 5.78 | G13: =F13*E13 -> 722.5 | H13: =F13*J13 -> 7.46776 | I13: =H13*E13 -> 933.47 | J13: 1.292
A14: 9 | C14: Construção Civil | G14: =SUM(G15:G21) -> 21071.565 | I14: =SUM(I15:I21) -> 27224.462 | L14: =IF(I14/G14=1.292,"OK!","Erro!") -> OK!
A15: 10 | B15: SE11000/O0-003 | C15: ESQUADRIAS (JANELA) DE ALUMÍNIO TIPO VENEZIANA - FORNECIMENTO E COLOCAÇÃO | D15: M2 | E15: 0.55 | F15: ='LISTA DE COMPOSIÇÕES'!F59 -> 558.17967 | G15: =F15*E15 -> 306.99882 | H15: =F15*J15 -> 721.16813 | I15: =H15*E15 -> 396.64247 | J15: 1.292
A16: 11 | B16: SE11000/O0-004 | C16: ESQUADRIAS (JANELA) DE ALUMÍNIO COM TELA ONDULADA EM ARAME, MALHA DE 1", INCLSUIVE QUADRO EM CANTONEIRA EM ALUMÍNIO 1/2" - FORNECIMENTO E COLOCAÇÃO | D16: M2 | E16: 0.72 | F16: ='LISTA DE COMPOSIÇÕES'!F53 -> 558.17967 | G16: =F16*E16 -> 401.88936 | H16: =F16*J16 -> 721.16813 | I16: =H16*E16 -> 519.24105 | J16: 1.292
A17: 12 | B17: 74194/1 | C17: ESCADA TIPO MARINHEIRO EM TUBO ACO GALVANIZADO 1 1/2" 5 DEGRAUS | D17: M | E17: 4.6 | F17: 219.45046 | G17: =F17*E17 -> 1009.4721 | H17: =F17*J17 -> 283.53 | I17: =H17*E17 -> 1304.238 | J17: 1.292
A18: 13 | B18: 99839 | C18: GUARDA-CORPO DE AÇO GALVANIZADO DE 1,10M DE ALTURA, MONTANTES TUBULARES DE 1.1/2 ESPAÇADOS DE 1,20M, TRAVESSA SUPERIOR DE 2 , GRADIL FORMADO POR BARRAS CHATAS EM FERRO DE 32X4,8MM, FIXADO COM CHUMBADOR MECÂNICO. AF_04/2019 | D18: M | E18: 34.5 | F18: 482.6 | G18: =F18*E18 -> 16649.7 | H18: =F18*J18 -> 623.5192 | I18: =H18*E18 -> 21511.412 | J18: 1.292
A19: 14 | B19: 65000118 | C19: PORTINHOLAS E TAMPAS DE CHAPA DE FERRO | D19: M2 | E19: 3.5 | F19: 374.87 | G19: =F19*E19 -> 1312.045 | H19: =F19*J19 -> 484.33204 | I19: =H19*E19 -> 1695.1621 | J19: 1.292
A20: 15 | B20: 73836/1 | C20: INSTALACAO DE CONJ.MOTO BOMBA HORIZONTAL ATE 10 CV | D20: UN | E20: 1 | F20: 173.98 | G20: =F20*E20 -> 173.98 | H20: =F20*J20 -> 224.78216 | I20: =H20*E20 -> 224.78216 | J20: 1.292
A21: 16 | B21: 100726 | C21: PINTURA COM TINTA ALQUÍDICA DE FUNDO E ACABAMENTO (ESMALTE SINTÉTICO GRAFITE) APLICADA A ROLO OU PINCEL SOBRE SUPERFÍCIES METÁLICAS (EXCETO PERFIL) EXECUTADO EM OBRA (POR DEMÃO). AF_01/2020 | D21: M2 | E21: 44 | F21: 27.67 | G21: =F21*E21 -> 1217.48 | H21: =F21*J21 -> 35.74964 | I21: =H21*E21 -> 1572.9842 | J21: 1.292
A22: 17 | C22: Movimento de Terra | G22: =SUM(G23:G29) -> 12208.77 | I22: =SUM(I23:I29) -> 15773.731 | L22: =IF(I22/G22=1.292,"OK!","Erro!") -> OK!
A23: 18 | B23: 65000151 | C23: ESCAVACAO E CARGA EM SOLO, COM PA MECANICA OU ESCAVADEIRA | D23: M3 | E23: 402 | F23: 10.52 | G23: =F23*E23 -> 4229.04 | H23: =F23*J23 -> 13.59184 | I23: =H23*E23 -> 5463.9197 | J23: 1.292
A24: 19 | B24: 65000173 | C24: ATERRO DE VALAS E CAVAS DE FUNDACAO, C/ AVALIACAO VISUAL DA COMPACTACAO | D24: M3 | E24: 120 | F24: 23.36 | G24: =F24*E24 -> 2803.2 | H24: =F24*J24 -> 30.18112 | I24: =H24*E24 -> 3621.7344 | J24: 1.292
A25: 20 | B25: 65000181 | C25: CARGA MECANICA (MATERIAL EM GERAL), SEM MANUSEIO E ARRUMACAO DO MATERIAL | D25: M3 | E25: 339 | F25: 2.4 | G25: =F25*E25 -> 813.6 | H25: =F25*J25 -> 3.1008 | I25: =H25*E25 -> 1051.1712 | J25: 1.292
A26: 21 | B26: 65002545 | C26: TRANSPORTE EM PERIMETRO URBANO A GRANEL - DISTANCIA ATE 1,0 KM | D26: M3 | E26: 339 | F26: 4.53 | G26: =F26*E26 -> 1535.67 | H26: =F26*J26 -> 5.85276 | I26: =H26*E26 -> 1984.0856 | J26: 1.292
A27: 22 | B27: 65002546 | C27: ADICIONAL DE TRANSPORTE EM PERIMETRO URBANO A GRANEL - DISTANCIA SUPERIOR A 1,0 KM | D27: M3K | E27: 678 | F27: 2.26 | G27: =F27*E27 -> 1532.28 | H27: =F27*J27 -> 2.91992 | I27: =H27*E27 -> 1979.7058 | J27: 1.292
A28: 23 | B28: 65000182 | C28: DESCARGA DE MATERIAL EM GERAL, A GRANEL, DE CAMINHAO BASCULANTE | D28: M3 | E28: 339 | F28: 0.61 | G28: =F28*E28 -> 206.79 | H28: =F28*J28 -> 0.78812 | I28: =H28*E28 -> 267.17268 | J28: 1.292
A29: 24 | B29: 65000176 | C29: ESPALHAMENTO DE SOLO EM BOTA FORA | D29: M3 | E29: 339 | F29: 3.21 | G29: =F29*E29 -> 1088.19 | H29: =F29*J29 -> 4.14732 | I29: =H29*E29 -> 1405.9415 | J29: 1.292
A30: 25 | C30: Contenção, Escor., Esgot. e Drenagem | G30: =SUM(G31:G31) -> 1499.24 | I30: =SUM(I31:I31) -> 1937.0181 | L30: =IF(I30/G30=1.292,"OK!","Erro!") -> OK!
A31: 26 | B31: 65000237 | C31: CIMBRAMENTO DE MADEIRA | D31: M3 | E31: 37 | F31: 40.52 | G31: =F31*E31 -> 1499.24 | H31: =F31*J31 -> 52.35184 | I31: =H31*E31 -> 1937.0181 | J31: 1.292
A32: 27 | C32: Fundações e Estruturas | G32: =SUM(G33:G38) -> 201375.03 | I32: =SUM(I33:I38) -> 260176.54 | L32: =IF(I32/G32=1.292,"OK!","Erro!") -> OK!
A33: 28 | B33: 65003744 | C33: LASTRO DE CONCRETO SIMPLES, CONSUMO MINIMO DE CIMENTO 150 KG/M3, INCLUSIVE LANCAMENTMO E ADENSAMENTO | D33: M3 | E33: 4 | F33: 805.2 | G33: =F33*E33 -> 3220.8 | H33: =F33*J33 -> 1040.3184 | I33: =H33*E33 -> 4161.2736 | J33: 1.292
A34: 29 | B34: 65000241 | C34: FORMA PLANA EM CHAPA DE MADEIRA COMPENSADA PLASTIFICADA, E = 14 MM, P/ ESTRUTURAS | D34: M2 | E34: 455 | F34: 91 | G34: =F34*E34 -> 41405 | H34: =F34*J34 -> 117.572 | I34: =H34*E34 -> 53495.26 | J34: 1.292
A35: 30 | B35: 65003743 | C35: DESFORMA DE ESTRUTURAS, QUALQUER ALTURA OU PROFUNDIDADE | D35: M2 | E35: 455 | F35: 27.05 | G35: =F35*E35 -> 12307.75 | H35: =F35*J35 -> 34.9486 | I35: =H35*E35 -> 15901.613 | J35: 1.292
A36: 31 | B36: 65000276 | C36: ARMADURA DE ACO CA 50, FORNECIMENTO E COLOCACAO | D36: KG | E36: 6397 | F36: 13.24 | G36: =F36*E36 -> 84696.28 | H36: =F36*J36 -> 17.10608 | I36: =H36*E36 -> 109427.59 | J36: 1.292
A37: 32 | B37: 65000277 | C37: ARMADURA DE ACO CA 60, FORNECIMENTO E COLOCACAO | D37: KG | E37: 337 | F37: 13.24 | G37: =F37*E37 -> 4461.88 | H37: =F37*J37 -> 17.10608 | I37: =H37*E37 -> 5764.749 | J37: 1.292
A38: 33 | B38: 65003653 | C38: CONCRETO FCK 30 MPA USINADO - FORNECIMENTO, TRANSPORTE, BOMBEAMENTO/LANCAMENTO E ADENSAMENTO | D38: M3 | E38: 68 | F38: 812.99 | G38: =F38*E38 -> 55283.32 | H38: =F38*J38 -> 1050.3831 | I38: =H38*E38 -> 71426.049 | J38: 1.292
A39: 34 | C39: Assentamentos | G39: =SUM(G40:G43) -> 9916.5 | I39: =SUM(I40:I43) -> 12812.118 | L39: =IF(I39/G39=1.292,"OK!","Erro!") -> OK!
A40: 35 | B40: SE11000/O0-001 | C40: CONJUNTO SOPRADOR DE AR, CONFORME PROJETO - INSTALAÇÃO | D40: UN | E40: 1 | F40: ='LISTA DE COMPOSIÇÕES'!F31 -> 126.64 | G40: =F40*E40 -> 126.64 | H40: =F40*J40 -> 163.61888 | I40: =H40*E40 -> 163.61888 | J40: 1.292
A41: 36 | B41: SE11000/O0-005 | C41: SISTEMA DE AERAÇÃO POR AR DÍFUSO, COM UMA GRADE DIVIDIDA EM 04 RAMAIS DE DISTRIBUIÇÃO EM PVC/60 MM, COM DIFUSORES DE BOLHA GROSSA,INCLUSIVE FIXAÇÕES - INSTALAÇÃO | D41: UN | E41: 2 | F41: ='LISTA DE COMPOSIÇÕES'!F217 -> 266.24 | G41: =F41*E41 -> 532.48 | H41: =F41*J41 -> 343.98208 | I41: =H41*E41 -> 687.96416 | J41: 1.292
A42: 37 | B42: SE11000/O0-001 | C42: INSTALAÇÃO DO TRANSPORTE DE AR COMPRIMIDO,(RECALDQUE), CONFORME PROJETO | D42: UN | E42: 1 | F42: ='LISTA DE COMPOSIÇÕES'!F79 -> 191 | G42: =F42*E42 -> 191 | H42: =F42*J42 -> 246.772 | I42: =H42*E42 -> 246.772 | J42: 1.292
A43: 38 | B43: 65000403 | C43: MONTAGENS ESPECIAIS EM FERRO FUNDIDO | D43: KG | E43: 1997 | F43: 4.54 | G43: =F43*E43 -> 9066.38 | H43: =F43*J43 -> 5.86568 | I43: =H43*E43 -> 11713.763 | J43: 1.292
A44: 39 | C44: Serviços Diversos | G44: =G45 -> 271.51 | I44: =I45 -> 350.79092 | L44: =IF(I44/G44=1.292,"OK!","Erro!") -> OK!
A45: 40 | B45: 65001126 | C45: PINTURA DE TUBULACOES DE FERRO FUNDIDO | D45: M2 | E45: 9.5 | F45: 28.58 | G45: =F45*E45 -> 271.51 | H45: =F45*J45 -> 36.92536 | I45: =H45*E45 -> 350.79092 | J45: 1.292
A46: 41 | C46: MATERIAIS | G46: =G47 -> 142406.17 | I46: =I47 -> 169890.57 | L46: =IF(I46/G46=1.193,"OK!","Erro!") -> OK!
A47: 42 | C47: Materiais Fornecimento CONTRATADA | G47: =SUM(G48:G85) -> 142406.17 | I47: =SUM(I48:I85) -> 169890.57 | L47: =IF(I47/G47=1.193,"OK!","Erro!") -> OK!
A48: 43 | B48: SE11000/O0-019 | C48: SISTEMA DE AERAÇÃO POR AR DÍFUSO, COM UMA GRADE DIVIDIDA EM 04 RAMAIS DE DISTRIBUIÇÃO EM PVC/60 MM, COM DIFUSORES DE BOLHA GROSSA,INCLUSIVE FIXAÇÕES, CONFORME ESPECIFICAÇÃO TÉCNICA | D48: UN | E48: 2 | F48: ='LISTA DE COMPOSIÇÕES'!F221 -> 2874 | G48: =F48*E48 -> 5748 | H48: =F48*K48 -> 3428.682 | I48: =H48*E48 -> 6857.364 | K48: 1.193
A49: 44 | B49: 11928 | C49: ABRACADEIRA, GALVANIZADA/ZINCADA, ROSCA SEM FIM, PARAFUSO INOX, LARGURA FITA *12,6 A *14 MM, D = 3" A 3 3/4" | D49: UN | E49: 1 | F49: 10.67 | G49: =F49*E49 -> 10.67 | H49: =F49*K49 -> 12.72931 | I49: =H49*E49 -> 12.72931 | K49: 1.193
A50: 45 | B50: 827 | C50: BUCHA DE REDUCAO DE PVC, SOLDAVEL, LONGA, COM 110 X 75 MM, PARA AGUA FRIA PREDIAL | D50: UN | E50: 5 | F50: 47.6 | G50: =F50*E50 -> 238 | H50: =F50*K50 -> 56.7868 | I50: =H50*E50 -> 283.934 | K50: 1.193
A51: 46 | B51: 1960 | C51: CURVA DE PVC 90 GRAUS, SOLDAVEL, 75 MM, PARA AGUA FRIA PREDIAL (NBR 5648) U | D51: UN | E51: 12 | F51: 51.43 | G51: =F51*E51 -> 617.16 | H51: =F51*K51 -> 61.35599 | I51: =H51*E51 -> 736.27188 | K51: 1.193
A52: 47 | B52: 1962 | C52: CURVA DE PVC 90 GRAUS, SOLDAVEL, 110 MM, PARA AGUA FRIA PREDIAL (NBR 5648) U | D52: UN | E52: 4 | F52: 180.36 | G52: =F52*E52 -> 721.44 | H52: =F52*K52 -> 215.16948 | I52: =H52*E52 -> 860.67792 | K52: 1.193
A53: 48 | B53: SE11000/O0-022 | C53: ESPIGÃO MACHO E FÊMEA, COM ROSCA BSP, Ø 2.1/2" | D53: UN | E53: 1 | F53: ='LISTA DE COMPOSIÇÕES'!F50 -> 225.16667 | G53: =F53*E53 -> 225.16667 | H53: =F53*K53 -> 268.62383 | I53: =H53*E53 -> 268.62383 | K53: 1.193
A54: 49 | B54: SE11000/O0-023 | C54: FLANGE LIVRE DE PVC, SOLDÁVEL, DE 110 MM | D54: M | E54: 8 | F54: ='LISTA DE COMPOSIÇÕES'!F76 -> 228.1325 | G54: =F54*E54 -> 1825.06 | H54: =F54*K54 -> 272.16207 | I54: =H54*E54 -> 2177.2966 | K54: 1.193
A55: 50 | B55: SE11000/O0-021 | C55: MANGUEIRA DE PVC FLEXÍVEL, REFORÇADA EM POLIESTER, Ø 2.1/2" | D55: UN | E55: 1 | F55: ='LISTA DE COMPOSIÇÕES'!F177 -> 173.89167 | G55: =F55*E55 -> 173.89167 | H55: =F55*K55 -> 207.45276 | I55: =H55*E55 -> 207.45276 | K55: 1.193
A56: 51 | B56: 7146 | C56: TE SOLDAVEL, PVC, 90 GRAUS, 110 MM, PARA AGUA FRIA PREDIAL (NBR 5648) | D56: M | E56: 3 | F56: 164.72 | G56: =F56*E56 -> 494.16 | H56: =F56*K56 -> 196.51096 | I56: =H56*E56 -> 589.53288 | K56: 1.193
A57: 52 | B57: 9871 | C57: TUBO PVC, SOLDAVEL, DN 75 MM, AGUA FRIA (NBR-5648) | D57: M | E57: 18 | F57: 41.34 | G57: =F57*E57 -> 744.12 | H57: =F57*K57 -> 49.31862 | I57: =H57*E57 -> 887.73516 | K57: 1.193
A58: 53 | B58: 9870 | C58: TUBO PVC, SOLDAVEL, DN 110 MM, AGUA FRIA (NBR-5648) | D58: UN | E58: 12 | F58: 90.01 | G58: =F58*E58 -> 1080.12 | H58: =F58*K58 -> 107.38193 | I58: =H58*E58 -> 1288.5832 | K58: 1.193
A59: 54 | B59: SE11000/O0-012 | C59: ARRUELA C/ BORRACHA (ABMF), DN 100 MM | D59: UN | E59: 11 | F59: ='LISTA DE COMPOSIÇÕES'!F12 -> 56.01 | G59: =F59*E59 -> 616.11 | H59: =F59*K59 -> 66.81993 | I59: =H59*E59 -> 735.01923 | K59: 1.193
A60: 55 | B60: SE11000/O0-013 | C60: ARRUELA C/ BORRACHA (ABMF), DN 150 MM | D60: UN | E60: 14 | F60: ='LISTA DE COMPOSIÇÕES'!F15 -> 73.43 | G60: =F60*E60 -> 1028.02 | H60: =F60*K60 -> 87.60199 | I60: =H60*E60 -> 1226.4279 | K60: 1.193
A61: 56 | B61: SE11000/O0-007 | C61: ARRUELA C/ BORRACHA ( ABMF ), DN 400 MM | D61: UN | E61: 8 | F61: ='LISTA DE COMPOSIÇÕES'!F9 -> 59.121667 | G61: =F61*E61 -> 472.97333 | H61: =F61*K61 -> 70.532148 | I61: =H61*E61 -> 564.25719 | K61: 1.193
A62: 57 | B62: SE11000/O0-014 | C62: CURVA 90°DE F°F°COM FLANGES (C90°FF10), DN 150 MM | D62: UN | E62: 5 | F62: ='LISTA DE COMPOSIÇÕES'!F38 -> 558.07143 | G62: =F62*E62 -> 2790.3571 | H62: =F62*K62 -> 665.77921 | I62: =H62*E62 -> 3328.8961 | K62: 1.193
A63: 58 | B63: SE11000/O0-006 | C63: CURVA 90°DE F°F°COM FLANGES ( C90°FF10 ), DN 400 MM | D63: UN | E63: 1 | F63: ='LISTA DE COMPOSIÇÕES'!F35 -> 7298.78 | G63: =F63*E63 -> 7298.78 | H63: =F63*K63 -> 8707.4445 | I63: =H63*E63 -> 8707.4445 | K63: 1.193
A64: 59 | B64: SE11000/O0-011 | C64: JUNTA DE DESMONTAGEM DE F°F°( JDTA10 ), DN 100 MM | D64: UN | E64: 1 | F64: ='LISTA DE COMPOSIÇÕES'!F100 -> 1121.31 | G64: =F64*E64 -> 1121.31 | H64: =F64*K64 -> 1337.7228 | I64: =H64*E64 -> 1337.7228 | K64: 1.193
A65: 60 | B65: SE11000/O0-010 | C65: LUVA DE F°F°, COM BOLSAS, ( LJGS ), DN 100 MM | D65: UN | E65: 1 | F65: ='LISTA DE COMPOSIÇÕES'!F174 -> 367.65667 | G65: =F65*E65 -> 367.65667 | H65: =F65*K65 -> 438.6144 | I65: =H65*E65 -> 438.6144 | K65: 1.193
A66: 61 | B66: SE11000/O0-009 | C66: PARAFUSO COM PORCA ( PPFIQ ), Ø 16 X 80 MM | D66: UN | E66: 88 | F66: ='LISTA DE COMPOSIÇÕES'!F180 -> 11.813333 | G66: =F66*E66 -> 1039.5733 | H66: =F66*K66 -> 14.093307 | I66: =H66*E66 -> 1240.211 | K66: 1.193
A67: 62 | B67: SE11000/O0-008 | C67: PARAFUSO COM PORCA ( PPFIQ ), Ø 20 X 90 MMc | D67: UN | E67: 112 | F67: ='LISTA DE COMPOSIÇÕES'!F183 -> 19.826667 | G67: =F67*E67 -> 2220.5867 | H67: =F67*K67 -> 23.653213 | I67: =H67*E67 -> 2649.1599 | K67: 1.193
A68: 63 | B68: SE11000/O0-005 | C68: PARAFUSO COM PORCA ( PPFIQ ), Ø 24 X 110 MM | D68: UN | E68: 128 | F68: ='LISTA DE COMPOSIÇÕES'!F186 -> 38.906667 | G68: =F68*E68 -> 4980.0533 | H68: =F68*K68 -> 46.415653 | I68: =H68*E68 -> 5941.2036 | K68: 1.193
A69: 64 | B69: SE11000/O0-004 | C69: REGISTRO DE GAVETA DE F°F°, COM VOLANTE ( R23FV10 ), DN 100 MM | D69: UN | E69: 1 | F69: ='LISTA DE COMPOSIÇÕES'!F198 -> 1356 | G69: =F69*E69 -> 1356 | H69: =F69*K69 -> 1617.708 | I69: =H69*E69 -> 1617.708 | K69: 1.193
A70: 65 | B70: SE11000/O0-020 | C70: VÁLVULA DE RETENÇÃO, OBTURADOR EM BOLA, FLANGEADA CONFORME NBR 7675, DN 100 PN 10 | D70: UN | E70: 1 | F70: ='LISTA DE COMPOSIÇÕES'!F332 -> 2756.85 | G70: =F70*E70 -> 2756.85 | H70: =F70*K70 -> 3288.9221 | I70: =H70*E70 -> 3288.9221 | K70: 1.193
A71: 66 | B71: SE11000/O0-017 | C71: TE DE F°F°COM FLANGES (TFF10), DN 150 X 150 MM | D71: UN | E71: 1 | F71: ='LISTA DE COMPOSIÇÕES'!F277 -> 1197.97 | G71: =F71*E71 -> 1197.97 | H71: =F71*K71 -> 1429.1782 | I71: =H71*E71 -> 1429.1782 | K71: 1.193
A72: 67 | B72: SE11000/O0-015 | C72: TE DE F°F°COM FLANGES (TFF10), DN 400 X 400 MM | D72: UN | E72: 1 | F72: ='LISTA DE COMPOSIÇÕES'!F280 -> 12546.94 | G72: =F72*E72 -> 12546.94 | H72: =F72*K72 -> 14968.499 | I72: =H72*E72 -> 14968.499 | K72: 1.193
A73: 68 | B73: SE11000/O0-016 | C73: TOCO DE F°F°COM FLANGES (TOF10), DN 100 MM L=0,25 M | D73: UN | E73: 1 | F73: ='LISTA DE COMPOSIÇÕES'!F283 -> 468.6 | G73: =F73*E73 -> 468.6 | H73: =F73*K73 -> 559.0398 | I73: =H73*E73 -> 559.0398 | K73: 1.193
A74: 69 | B74: SE11000/O0-032 | C74: TOCO DE F°F°COM FLANGES (TOF10), DN 100 MM L=0,50 M | D74: UN | E74: 2 | F74: ='LISTA DE COMPOSIÇÕES'!F286 -> 633.6275 | G74: =F74*E74 -> 1267.255 | H74: =F74*K74 -> 755.91761 | I74: =H74*E74 -> 1511.8352 | K74: 1.193
A75: 70 | B75: SE11000/O0-031 | C75: TOCO DE F°F°COM FLANGES (TOF10), DN 150 MM L=0,25 M | D75: UN | E75: 3 | F75: ='LISTA DE COMPOSIÇÕES'!F289 -> 673 | G75: =F75*E75 -> 2019 | H75: =F75*K75 -> 802.889 | I75: =H75*E75 -> 2408.667 | K75: 1.193
A76: 71 | B76: SE11000/O0-003 | C76: TOCO DE F°F°COM FLANGES (TOF10), DN 400 MM L=0,25 M | D76: UN | E76: 2 | F76: ='LISTA DE COMPOSIÇÕES'!F292 -> 2378.0175 | G76: =F76*E76 -> 4756.035 | H76: =F76*K76 -> 2836.9749 | I76: =H76*E76 -> 5673.9498 | K76: 1.193
A77: 72 | B77: SE11000/O0-027 | C77: TOCO DE F°F°COM FLANGES E ABA DE VEDAÇÃO, (TOFAV10), DN 150 MM | D77: UN | E77: 2 | F77: ='LISTA DE COMPOSIÇÕES'!F295 -> 1290.4533 | G77: =F77*E77 -> 2580.9067 | H77: =F77*K77 -> 1539.5108 | I77: =H77*E77 -> 3079.0217 | K77: 1.193
A78: 73 | B78: SE11000/O0-035 | C78: TUBO DE F°F°COM FLANGE E BOLSA (TFB10), DN 400 MM L= 1,00 M | D78: UN | E78: 1 | F78: ='LISTA DE COMPOSIÇÕES'!F298 -> 3313.78 | G78: =F78*E78 -> 3313.78 | H78: =F78*K78 -> 3953.3395 | I78: =H78*E78 -> 3953.3395 | K78: 1.193
A79: 74 | B79: SE11000/O0-030 | C79: TUBO DE F°F°COM FLANGE E PONTA (TFP10), DN 100 MM L= 1,00 M | D79: UN | E79: 1 | F79: ='LISTA DE COMPOSIÇÕES'!F301 -> 1356.4875 | G79: =F79*E79 -> 1356.4875 | H79: =F79*K79 -> 1618.2896 | I79: =H79*E79 -> 1618.2896 | K79: 1.193
A80: 75 | B80: SE11000/O0-033 | C80: TUBO DE F°F°COM FLANGE E PONTA (TFP10), DN 150 MM L= 1,00 M | D80: UN | E80: 2 | F80: ='LISTA DE COMPOSIÇÕES'!F304 -> 1150.6 | G80: =F80*E80 -> 2301.2 | H80: =F80*K80 -> 1372.6658 | I80: =H80*E80 -> 2745.3316 | K80: 1.193
A81: 76 | B81: SE11000/O0-002 | C81: TUBO DE F°F°COM FLANGE E PONTA (TFP10), DN 400 MM L= 1,00 M | D81: UN | E81: 1 | F81: ='LISTA DE COMPOSIÇÕES'!F307 -> 3113.9 | G81: =F81*E81 -> 3113.9 | H81: =F81*K81 -> 3714.8827 | I81: =H81*E81 -> 3714.8827 | K81: 1.193
A82: 77 | B82: SE11000/O0-034 | C82: TUBO DE F°F°COM FLANGE E PONTA (TFP10), DN 400 MM L= 1,50 M | D82: UN | E82: 1 | F82: ='LISTA DE COMPOSIÇÕES'!F310 -> 4440.0275 | G82: =F82*E82 -> 4440.0275 | H82: =F82*K82 -> 5296.9528 | I82: =H82*E82 -> 5296.9528 | K82: 1.193
A83: 78 | B83: SE11000/O0-029 | C83: VÁLVULA BORBOLETA DE F°F°, COM FLANGES CONFORME NBR 7675, ACIONAMENTO COM VOLANTE, (VBF10WCV ), DN 100 MM | D83: UN | E83: 2 | F83: ='LISTA DE COMPOSIÇÕES'!F323 -> 5970.2467 | G83: =F83*E83 -> 11940.493 | H83: =F83*K83 -> 7122.5043 | I83: =H83*E83 -> 14245.009 | K83: 1.193
A84: 79 | B84: SE11000/O0-028 | C84: VÁLVULA BORBOLETA DE F°F°, COM FLANGES CONFORME NBR 7675, ACIONAMENTO COM VOLANTE, (VBF10WCV ), DN 150 MM | D84: UN | E84: 2 | F84: ='LISTA DE COMPOSIÇÕES'!F326 -> 4897.63 | G84: =F84*E84 -> 9795.26 | H84: =F84*K84 -> 5842.8726 | I84: =H84*E84 -> 11685.745 | K84: 1.193
A85: 80 | B85: SE11000/O0-001 | C85: VÁLVULA BORBOLETA DE F°F°, COM FLANGES CONFORME NBR 7675, ACIONAMENTO COM VOLANTE, (VBF10WCV ), DN 400 MM | D85: UN | E85: 2 | F85: ='LISTA DE COMPOSIÇÕES'!F329 -> 21691.13 | G85: =F85*E85 -> 43382.26 | H85: =F85*K85 -> 25877.518 | I85: =H85*E85 -> 51755.036 | K85: 1.193
A86: 81 | C86: EQUIPAMENTOS | G86: =G87 -> 47592.333 | I86: =I87 -> 56777.654 | L86: =IF(I86/G86=1.193,"OK!","Erro!") -> OK!
A87: 82 | C87: Equipamentos Fornecimento CONTRATADA | G87: =SUM(G88:G89) -> 47592.333 | I87: =SUM(I88:I89) -> 56777.654 | L87: =IF(I87/G87=1.193,"OK!","Erro!") -> OK!
A88: 83 | B88: SE11000/O0-001 | C88: CONJUNTO MOTOBOMBA SUBMERSA, INSTALAÇÃO HORIZONTAL, POTÊNCIA DE 7,5 KW, CONFORME ESPECIFICAÇÃO TÉCNICA | D88: UN | E88: 1 | F88: ='LISTA DE COMPOSIÇÕES'!F28 -> 32582.333 | G88: =F88*E88 -> 32582.333 | H88: =F88*K88 -> 38870.724 | I88: =H88*E88 -> 38870.724 | K88: 1.193
A89: 84 | B89: SE11000/O0-002 | C89: SOPRADOR DE CANAL LATERAL MONO ESTÁGIO, COM SAÍDA DE RECALQUE, DN 75 MM, CONFORME ESPECIFICAÇÃO TÉCNICA | D89: UN | E89: 1 | F89: ='LISTA DE COMPOSIÇÕES'!F224 -> 15010 | G89: =F89*E89 -> 15010 | H89: =F89*K89 -> 17906.93 | I89: =H89*E89 -> 17906.93 | K89: 1.193
A90: 85 | C90: UTR-ETA II - SISTEMA DE DESAGUAMENTO | G90: =G91+G142+G155 -> 725765.5 | I90: =I91+I142+I155 -> 886915.25
A91: 86 | C91: SERVIÇOS | G91: =G92+G94+G105+G113+G115+G124+G137 -> 212899.12 | I91: =I92+I94+I105+I113+I115+I124+I137 -> 275065.66 | L91: =IF(I91/G91=1.292,"OK!","Erro!") -> OK!
A92: 87 | C92: Serviços Preliminares | G92: =SUM(G93) -> 497.08 | I92: =SUM(I93) -> 642.22736 | L92: =IF(I92/G92=1.292,"OK!","Erro!") -> OK!
A93: 88 | B93: 65000017 | C93: LOCACAO ESTRUTURAS - GABARITO/TABEIRA PARA OBRAS | D93: M2 | E93: 86 | F93: 5.78 | G93: =F93*E93 -> 497.08 | H93: =F93*J93 -> 7.46776 | I93: =H93*E93 -> 642.22736 | J93: 1.292
A94: 89 | C94: Construção Civil | G94: =SUM(G95:G104) -> 64463.844 | I94: =SUM(I95:I104) -> 83287.286 | L94: =IF(I94/G94=1.292,"OK!","Erro!") -> OK!
A95: 90 | B95: 65000095 | C95: ALVENARIA ELEVACAO E=15CM - BLOCOS DE CONCRETO (40X20X15)CM | D95: M2 | E95: 4 | F95: 73.55 | G95: =F95*E95 -> 294.2 | H95: =F95*J95 -> 95.0266 | I95: =H95*E95 -> 380.1064 | J95: 1.292
A96: 91 | B96: 65000096 | C96: ALVENARIA ELEVACAO E=20CM - BLOCOS DE CONCRETO (40X20X20)CM | D96: M2 | E96: 39 | F96: 80.43 | G96: =F96*E96 -> 3136.77 | H96: =F96*J96 -> 103.91556 | I96: =H96*E96 -> 4052.7068 | J96: 1.292
A97: 92 | B97: 65002398 | C97: CAIXA EM ALVENARIA COM TAMPA DE CONCRETO DIMENSOES INTERNAS (50X50X50)CM | D97: UN | E97: 3 | F97: 373.16 | G97: =F97*E97 -> 1119.48 | H97: =F97*J97 -> 482.12272 | I97: =H97*E97 -> 1446.3682 | J97: 1.292
A98: 93 | B98: 65000107 | C98: COBERTURA - TELHAS DE FIBROCIMENTO PERFIS TRAPEZOIDAIS L=0,40M | D98: M2 | E98: 136 | F98: 255.19 | G98: =F98*E98 -> 34705.84 | H98: =F98*J98 -> 329.70548 | I98: =H98*E98 -> 44839.945 | J98: 1.292
A99: 94 | B99: SE11000/O0-002 | C99: PORTA COMPLETA EM CHAPA DE AÇO, DE ABRIR, TIPO VENEZIANA, DUAS FOLHAS: (1,55 X 2,45) M - FORNECIMENTO E ASSENTAMENTO | D99: UN | E99: 1 | F99: ='LISTA DE COMPOSIÇÕES'!F189 -> 2504.9687 | G99: =F99*E99 -> 2504.9687 | H99: =F99*J99 -> 3236.4195 | I99: =H99*E99 -> 3236.4195 | J99: 1.292
A100: 95 | B100: 99839 | C100: GUARDA-CORPO DE AÇO GALVANIZADO DE 1,10M DE ALTURA, MONTANTES TUBULARES DE 1.1/2 ESPAÇADOS DE 1,20M, TRAVESSA SUPERIOR DE 2 , GRADIL FORMADO POR BARRAS CHATAS EM FERRO DE 32X4,8MM, FIXADO COM CHUMBADOR MECÂNICO. AF_04/2019 | D100: M | E100: 40 | F100: 482.6 | G100: =F100*E100 -> 19304 | H100: =F100*J100 -> 623.5192 | I100: =H100*E100 -> 24940.768 | J100: 1.292
A101: 96 | B101: 65000133 | C101: PINTURA - LATEX SEM MASSA CORRIDA | D101: M2 | E101: 86 | F101: 22.26 | G101: =F101*E101 -> 1914.36 | H101: =F101*J101 -> 28.75992 | I101: =H101*E101 -> 2473.3531 | J101: 1.292
...

Sheet Orçamento UTR II -ARRED
A1: ORÇAMENTO SINTÉTICO
A2: 000942 - TRÊS PONTAS/MG-S.A.A.- UTR ETA II - PEP: SE11000/O0
A3: Localidade: TRÊS PONTAS - Base de Dados: DIBH0625 - SINAPI 1224 - Belo Horizonte - DESONERADA
A5: Linha | B5: Código | C5: Descrição | D5: Un. | E5: Quant. | G5: Custo $ | H5: Unit. Preço$ | I5: Preço $ | J5: BDI-O % | K5: BDI-F %
A6: 1 | C6: TOTAL DO ORÇAMENTO | G6: =G7+G90+G158+G188+G209 -> 1300647.6 | I6: =I7+I90+I158+I188+I209-0.02 -> 1602605.4 | J6: 1.292 | K6: 1.193 | L6: =I6-'Orçamento UTR II'!I6 -> 780.7353 | M6: 1602605.4 | N6: =I6-M6 -> -0.02
A7: 2 | C7: SERVIÇOS AUXILIARES | G7: =G8 -> 456260.07 | I7: =I8 -> 570796.39
A8: 3 | C8: UTR ETA II - TANQUES DE COMPENSAÇÃO/ELEV. DE EFLUENTES DA ETA | G8: =G9+G46+G86 -> 456260.07 | I8: =I9+I46+I86 -> 570796.39
A9: 4 | C9: SERVIÇOS | G9: =G10+G12+G14+G22+G30+G32+G39+G44 -> 266261.56 | I9: =I10+I12+I14+I22+I30+I32+I39+I44 -> 344128.29 | L9: =I9-'Orçamento UTR II'!I9 -> 34.380536
A10: 5 | C10: Serviços Específicos | G10: =SUM(G11) -> 19261.44 | I10: =SUM(I11) -> 24885.78
A11: 6 | B11: SE11000/O0-S001 | C11: ELABORAÇÃO DE PROJETO EXECUTIVO COMPLEMENTAR, DESTINADO A AJUSTES NECESSÁRIOS DURANTE A OBRA, ELÉTRICO E ESTRUTURAL EM FORMATO A1 | D11: UN | E11: 1 | F11: 19261.44 | G11: 19261.44 | H11: 24885.78 | I11: 24885.78 | J11: 1.292
A12: 7 | C12: Serviços Preliminares | G12: =SUM(G13) -> 657.5 | I12: =SUM(I13) -> 933.75 | L12: =I12-'Orçamento UTR II'!I12 -> 0.28
A13: 8 | B13: 65000017 | C13: LOCACAO ESTRUTURAS - GABARITO/TABEIRA PARA OBRAS | D13: M2 | E13: 125 | F13: 5.26 | G13: 657.5 | H13: 7.47 | I13: =E13*H13 -> 933.75 | J13: 1.292
A14: 9 | C14: Construção Civil | G14: =SUM(G15:G21) -> 21071.57 | I14: =SUM(I15:I21) -> 27224.52 | L14: =I14-'Orçamento UTR II'!I14 -> 0.057615747
A15: 10 | B15: SE11000/O0-003 | C15: ESQUADRIAS (JANELA) DE ALUMÍNIO TIPO VENEZIANA - FORNECIMENTO E COLOCAÇÃO | D15: M2 | E15: 0.55 | F15: 558.19 | G15: 307 | H15: 721.18 | I15: 396.65 | J15: 1.292
A16: 11 | B16: SE11000/O0-004 | C16: ESQUADRIAS (JANELA) DE ALUMÍNIO COM TELA ONDULADA EM ARAME, MALHA DE 1", INCLSUIVE QUADRO EM CANTONEIRA EM ALUMÍNIO 1/2" - FORNECIMENTO E COLOCAÇÃO | D16: M2 | E16: 0.72 | F16: 558.19 | G16: 401.89 | H16: 721.18 | I16: 519.25 | J16: 1.292
A17: 12 | B17: 74194/1 | C17: ESCADA TIPO MARINHEIRO EM TUBO ACO GALVANIZADO 1 1/2" 5 DEGRAUS | D17: M | E17: 4.6 | F17: 219.45 | G17: 1009.47 | H17: 283.53 | I17: 1304.24 | J17: 1.292
A18: 13 | B18: 99839 | C18: GUARDA-CORPO DE AÇO GALVANIZADO DE 1,10M DE ALTURA, MONTANTES TUBULARES DE 1.1/2 ESPAÇADOS DE 1,20M, TRAVESSA SUPERIOR DE 2 , GRADIL FORMADO POR BARRAS CHATAS EM FERRO DE 32X4,8MM, FIXADO COM CHUMBADOR MECÂNICO. AF_04/2019 | D18: M | E18: 34.5 | F18: 482.6 | G18: 16649.7 | H18: 623.52 | I18: 21511.44 | J18: 1.292
A19: 14 | B19: 65000118 | C19: PORTINHOLAS E TAMPAS DE CHAPA DE FERRO | D19: M2 | E19: 3.5 | F19: 374.87 | G19: 1312.05 | H19: 484.33 | I19: 1695.16 | J19: 1.292
A20: 15 | B20: 73836/1 | C20: INSTALACAO DE CONJ.MOTO BOMBA HORIZONTAL ATE 10 CV | D20: UN | E20: 1 | F20: 173.98 | G20: 173.98 | H20: 224.78 | I20: 224.78 | J20: 1.292
A21: 16 | B21: 100726 | C21: PINTURA COM TINTA ALQUÍDICA DE FUNDO E ACABAMENTO (ESMALTE SINTÉTICO GRAFITE) APLICADA A ROLO OU PINCEL SOBRE SUPERFÍCIES METÁLICAS (EXCETO PERFIL) EXECUTADO EM OBRA (POR DEMÃO). AF_01/2020 | D21: M2 | E21: 44 | F21: 27.67 | G21: 1217.48 | H21: 35.75 | I21: 1573 | J21: 1.292
A22: 17 | C22: Movimento de Terra | G22: =SUM(G23:G29) -> 12208.77 | I22: =SUM(I23:I29) -> 15773.25 | L22: =I22-'Orçamento UTR II'!I22 -> -0.48084
A23: 18 | B23: 65000151 | C23: ESCAVACAO E CARGA EM SOLO, COM PA MECANICA OU ESCAVADEIRA | D23: M3 | E23: 402 | F23: 10.52 | G23: 4229.04 | H23: 13.59 | I23: 5463.18 | J23: 1.292
A24: 19 | B24: 65000173 | C24: ATERRO DE VALAS E CAVAS DE FUNDACAO, C/ AVALIACAO VISUAL DA COMPACTACAO | D24: M3 | E24: 120 | F24: 23.36 | G24: 2803.2 | H24: 30.18 | I24: 3621.6 | J24: 1.292
A25: 20 | B25: 65000181 | C25: CARGA MECANICA (MATERIAL EM GERAL), SEM MANUSEIO E ARRUMACAO DO MATERIAL | D25: M3 | E25: 339 | F25: 2.4 | G25: 813.6 | H25: 3.1 | I25: 1050.9 | J25: 1.292
A26: 21 | B26: 65002545 | C26: TRANSPORTE EM PERIMETRO URBANO A GRANEL - DISTANCIA ATE 1,0 KM | D26: M3 | E26: 339 | F26: 4.53 | G26: 1535.67 | H26: 5.85 | I26: 1983.15 | J26: 1.292
A27: 22 | B27: 65002546 | C27: ADICIONAL DE TRANSPORTE EM PERIMETRO URBANO A GRANEL - DISTANCIA SUPERIOR A 1,0 KM | D27: M3K | E27: 678 | F27: 2.26 | G27: 1532.28 | H27: 2.92 | I27: 1979.76 | J27: 1.292
A28: 23 | B28: 65000182 | C28: DESCARGA DE MATERIAL EM GERAL, A GRANEL, DE CAMINHAO BASCULANTE | D28: M3 | E28: 339 | F28: 0.61 | G28: 206.79 | H28: 0.79 | I28: 267.81 | J28: 1.292
A29: 24 | B29: 65000176 | C29: ESPALHAMENTO DE SOLO EM BOTA FORA | D29: M3 | E29: 339 | F29: 3.21 | G29: 1088.19 | H29: 4.15 | I29: 1406.85 | J29: 1.292
A30: 25 | C30: Contenção, Escor., Esgot. e Drenagem | G30: =SUM(G31:G31) -> 1499.24 | I30: =SUM(I31:I31) -> 1936.95 | L30: =I30-'Orçamento UTR II'!I30 -> -0.06808
A31: 26 | B31: 65000237 | C31: CIMBRAMENTO DE MADEIRA | D31: M3 | E31: 37 | F31: 40.52 | G31: 1499.24 | H31: 52.35 | I31: 1936.95 | J31: 1.292
A32: 27 | C32: Fundações e Estruturas | G32: =SUM(G33:G38) -> 201375.03 | I32: =SUM(I33:I38) -> 260202.46 | L32: =I32-'Orçamento UTR II'!I32 -> 25.92124
A33: 28 | B33: 65003744 | C33: LASTRO DE CONCRETO SIMPLES, CONSUMO MINIMO DE CIMENTO 150 KG/M3, INCLUSIVE LANCAMENTMO E ADENSAMENTO | D33: M3 | E33: 4 | F33: 805.2 | G33: 3220.8 | H33: 1040.32 | I33: 4161.28 | J33: 1.292
A34: 29 | B34: 65000241 | C34: FORMA PLANA EM CHAPA DE MADEIRA COMPENSADA PLASTIFICADA, E = 14 MM, P/ ESTRUTURAS | D34: M2 | E34: 455 | F34: 91 | G34: 41405 | H34: 117.57 | I34: 53494.35 | J34: 1.292
A35: 30 | B35: 65003743 | C35: DESFORMA DE ESTRUTURAS, QUALQUER ALTURA OU PROFUNDIDADE | D35: M2 | E35: 455 | F35: 27.05 | G35: 12307.75 | H35: 34.95 | I35: 15902.25 | J35: 1.292
A36: 31 | B36: 65000276 | C36: ARMADURA DE ACO CA 50, FORNECIMENTO E COLOCACAO | D36: KG | E36: 6397 | F36: 13.24 | G36: 84696.28 | H36: 17.11 | I36: 109452.67 | J36: 1.292
A37: 32 | B37: 65000277 | C37: ARMADURA DE ACO CA 60, FORNECIMENTO E COLOCACAO | D37: KG | E37: 337 | F37: 13.24 | G37: 4461.88 | H37: 17.11 | I37: 5766.07 | J37: 1.292
A38: 33 | B38: 65003653 | C38: CONCRETO FCK 30 MPA USINADO - FORNECIMENTO, TRANSPORTE, BOMBEAMENTO/LANCAMENTO E ADENSAMENTO | D38: M3 | E38: 68 | F38: 812.99 | G38: 55283.32 | H38: 1050.38 | I38: 71425.84 | J38: 1.292
A39: 34 | C39: Assentamentos | G39: =SUM(G40:G43) -> 9916.5 | I39: =SUM(I40:I43) -> 12820.74 | L39: =I39-'Orçamento UTR II'!I39 -> 8.622
A40: 35 | B40: SE11000/O0-001 | C40: CONJUNTO SOPRADOR DE AR, CONFORME PROJETO - INSTALAÇÃO | D40: UN | E40: 1 | F40: 126.64 | G40: 126.64 | H40: 163.62 | I40: 163.62 | J40: 1.292
A41: 36 | B41: SE11000/O0-005 | C41: SISTEMA DE AERAÇÃO POR AR DÍFUSO, COM UMA GRADE DIVIDIDA EM 04 RAMAIS DE DISTRIBUIÇÃO EM PVC/60 MM, COM DIFUSORES DE BOLHA GROSSA,INCLUSIVE FIXAÇÕES - INSTALAÇÃO | D41: UN | E41: 2 | F41: 266.24 | G41: 532.48 | H41: 343.98 | I41: 687.96 | J41: 1.292
A42: 37 | B42: SE11000/O0-001 | C42: INSTALAÇÃO DO TRANSPORTE DE AR COMPRIMIDO,(RECALDQUE), CONFORME PROJETO | D42: UN | E42: 1 | F42: 191 | G42: 191 | H42: 246.77 | I42: 246.77 | J42: 1.292
A43: 38 | B43: 65000403 | C43: MONTAGENS ESPECIAIS EM FERRO FUNDIDO | D43: KG | E43: 1997 | F43: 4.54 | G43: 9066.38 | H43: 5.87 | I43: 11722.39 | J43: 1.292
A44: 39 | C44: Serviços Diversos | G44: =G45 -> 271.51 | I44: =I45 -> 350.84 | L44: =I44-'Orçamento UTR II'!I44 -> 0.04908
A45: 40 | B45: 65001126 | C45: PINTURA DE TUBULACOES DE FERRO FUNDIDO | D45: M2 | E45: 9.5 | F45: 28.58 | G45: 271.51 | H45: 36.93 | I45: 350.84 | J45: 1.292
A46: 41 | C46: MATERIAIS | G46: =G47 -> 142406.18 | I46: =I47 -> 169890.45 | L46: =I46-'Orçamento UTR II'!I46 -> -0.11535476
A47: 42 | C47: Materiais Fornecimento CONTRATADA | G47: =SUM(G48:G85) -> 142406.18 | I47: =SUM(I48:I85) -> 169890.45 | L47: =I47-'Orçamento UTR II'!I47 -> -0.11535476
A48: 43 | B48: SE11000/O0-019 | C48: SISTEMA DE AERAÇÃO POR AR DÍFUSO, COM UMA GRADE DIVIDIDA EM 04 RAMAIS DE DISTRIBUIÇÃO EM PVC/60 MM, COM DIFUSORES DE BOLHA GROSSA,INCLUSIVE FIXAÇÕES, CONFORME ESPECIFICAÇÃO TÉCNICA | D48: UN | E48: 2 | F48: 2874 | G48: 5748 | H48: 3428.68 | I48: 6857.36 | K48: 1.193
A49: 44 | B49: 11928 | C49: ABRACADEIRA, GALVANIZADA/ZINCADA, ROSCA SEM FIM, PARAFUSO INOX, LARGURA FITA *12,6 A *14 MM, D = 3" A 3 3/4" | D49: UN | E49: 1 | F49: 10.67 | G49: 10.67 | H49: 12.73 | I49: 12.73 | K49: 1.193
A50: 45 | B50: 827 | C50: BUCHA DE REDUCAO DE PVC, SOLDAVEL, LONGA, COM 110 X 75 MM, PARA AGUA FRIA PREDIAL | D50: UN | E50: 5 | F50: 47.6 | G50: 238 | H50: 56.79 | I50: 283.95 | K50: 1.193
A51: 46 | B51: 1960 | C51: CURVA DE PVC 90 GRAUS, SOLDAVEL, 75 MM, PARA AGUA FRIA PREDIAL (NBR 5648) U | D51: UN | E51: 12 | F51: 51.43 | G51: 617.16 | H51: 61.36 | I51: 736.32 | K51: 1.193
A52: 47 | B52: 1962 | C52: CURVA DE PVC 90 GRAUS, SOLDAVEL, 110 MM, PARA AGUA FRIA PREDIAL (NBR 5648) U | D52: UN | E52: 4 | F52: 180.36 | G52: 721.44 | H52: 215.17 | I52: 860.68 | K52: 1.193
A53: 48 | B53: SE11000/O0-022 | C53: ESPIGÃO MACHO E FÊMEA, COM ROSCA BSP, Ø 2.1/2" | D53: UN | E53: 1 | F53: 225.17 | G53: 225.17 | H53: 268.62 | I53: 268.62 | K53: 1.193
A54: 49 | B54: SE11000/O0-023 | C54: FLANGE LIVRE DE PVC, SOLDÁVEL, DE 110 MM | D54: UN | E54: 8 | F54: 228.13 | G54: 1825.06 | H54: 272.16 | I54: 2177.28 | K54: 1.193
A55: 50 | B55: SE11000/O0-021 | C55: MANGUEIRA DE PVC FLEXÍVEL, REFORÇADA EM POLIESTER, Ø 2.1/2" | D55: M | E55: 1 | F55: 173.89 | G55: 173.89 | H55: 207.45 | I55: 207.45 | K55: 1.193
A56: 51 | B56: 7146 | C56: TE SOLDAVEL, PVC, 90 GRAUS, 110 MM, PARA AGUA FRIA PREDIAL (NBR 5648) | D56: UN | E56: 3 | F56: 164.72 | G56: 494.16 | H56: 196.51 | I56: 589.53 | K56: 1.193
A57: 52 | B57: 9871 | C57: TUBO PVC, SOLDAVEL, DN 75 MM, AGUA FRIA (NBR-5648) | D57: M | E57: 18 | F57: 41.34 | G57: 744.12 | H57: 49.32 | I57: 887.76 | K57: 1.193
A58: 53 | B58: 9870 | C58: TUBO PVC, SOLDAVEL, DN 110 MM, AGUA FRIA (NBR-5648) | D58: M | E58: 12 | F58: 90.01 | G58: 1080.12 | H58: 107.38 | I58: 1288.56 | K58: 1.193
A59: 54 | B59: SE11000/O0-012 | C59: ARRUELA C/ BORRACHA (ABMF), DN 100 MM | D59: UN | E59: 11 | F59: 56.01 | G59: 616.11 | H59: 66.82 | I59: 735.02 | K59: 1.193
A60: 55 | B60: SE11000/O0-013 | C60: ARRUELA C/ BORRACHA (ABMF), DN 150 MM | D60: UN | E60: 14 | F60: 73.43 | G60: 1028.02 | H60: 87.6 | I60: 1226.4 | K60: 1.193
A61: 56 | B61: SE11000/O0-007 | C61: ARRUELA C/ BORRACHA ( ABMF ), DN 400 MM | D61: UN | E61: 8 | F61: 59.12 | G61: 472.97 | H61: 70.53 | I61: 564.24 | K61: 1.193
A62: 57 | B62: SE11000/O0-014 | C62: CURVA 90°DE F°F°COM FLANGES (C90°FF10), DN 150 MM | D62: UN | E62: 5 | F62: 558.07 | G62: 2790.36 | H62: 665.78 | I62: 3328.9 | K62: 1.193
A63: 58 | B63: SE11000/O0-006 | C63: CURVA 90°DE F°F°COM FLANGES ( C90°FF10 ), DN 400 MM | D63: UN | E63: 1 | F63: 7298.78 | G63: 7298.78 | H63: 8707.44 | I63: 8707.44 | K63: 1.193
A64: 59 | B64: SE11000/O0-011 | C64: JUNTA DE DESMONTAGEM DE F°F°( JDTA10 ), DN 100 MM | D64: UN | E64: 1 | F64: 1121.31 | G64: 1121.31 | H64: 1337.72 | I64: 1337.72 | K64: 1.193
A65: 60 | B65: SE11000/O0-010 | C65: LUVA DE F°F°, COM BOLSAS, ( LJGS ), DN 100 MM | D65: UN | E65: 1 | F65: 367.66 | G65: 367.66 | H65: 438.61 | I65: 438.61 | K65: 1.193
A66: 61 | B66: SE11000/O0-009 | C66: PARAFUSO COM PORCA ( PPFIQ ), Ø 16 X 80 MM | D66: UN | E66: 88 | F66: 11.81 | G66: 1039.57 | H66: 14.09 | I66: 1239.92 | K66: 1.193
A67: 62 | B67: SE11000/O0-008 | C67: PARAFUSO COM PORCA ( PPFIQ ), Ø 20 X 90 MMc | D67: UN | E67: 112 | F67: 19.83 | G67: 2220.59 | H67: 23.65 | I67: 2648.8 | K67: 1.193
A68: 63 | B68: SE11000/O0-005 | C68: PARAFUSO COM PORCA ( PPFIQ ), Ø 24 X 110 MM | D68: UN | E68: 128 | F68: 38.91 | G68: 4980.05 | H68: 46.42 | I68: 5941.76 | K68: 1.193
A69: 64 | B69: SE11000/O0-004 | C69: REGISTRO DE GAVETA DE F°F°, COM VOLANTE ( R23FV10 ), DN 100 MM | D69: UN | E69: 1 | F69: 1356 | G69: 1356 | H69: 1617.71 | I69: 1617.71 | K69: 1.193
A70: 65 | B70: SE11000/O0-020 | C70: VÁLVULA DE RETENÇÃO, OBTURADOR EM BOLA, FLANGEADA CONFORME NBR 7675, DN 100 PN 10 | D70: UN | E70: 1 | F70: 2756.85 | G70: 2756.85 | H70: 3288.92 | I70: 3288.92 | K70: 1.193
... A85: 80 | B85: SE11000/O0-001 | C85: VÁLVULA BORBOLETA DE F°F°, COM FLANGES CONFORME NBR 7675, ACIONAMENTO COM VOLANTE, (VBF10WCV ), DN 400 MM | D85: UN | E85: 2 | F85: 21691.13 | G85: 43382.26 | H85: 25877.52 | I85: 51755.04 | K85: 1.193
A86: 81 | C86: EQUIPAMENTOS | G86: =G87 -> 47592.33 | I86: =I87 -> 56777.65 | L86: =I86-'Orçamento UTR II'!I86 -> -0.0036666667
A87: 82 | C87: Equipamentos Fornecimento CONTRATADA | G87: =SUM(G88:G89) -> 47592.33 | I87: =SUM(I88:I89) -> 56777.65 | L87: =I87-'Orçamento UTR II'!I87 -> -0.0036666667
A88: 83 | B88: SE11000/O0-001 | C88: CONJUNTO MOTOBOMBA SUBMERSA, INSTALAÇÃO HORIZONTAL, POTÊNCIA DE 7,5 KW, CONFORME ESPECIFICAÇÃO TÉCNICA | D88: UN | E88: 1 | F88: 32582.33 | G88: 32582.33 | H88: 38870.72 | I88: 38870.72 | K88: 1.193
A89: 84 | B89: SE11000/O0-002 | C89: SOPRADOR DE CANAL LATERAL MONO ESTÁGIO, COM SAÍDA DE RECALQUE, DN 75 MM, CONFORME ESPECIFICAÇÃO TÉCNICA | D89: UN | E89: 1 | F89: 15010 | G89: 15010 | H89: 17906.93 | I89: 17906.93 | K89: 1.193
A90: 85 | C90: UTR-ETA II - SISTEMA DE DESAGUAMENTO | G90: =G91+G142+G155 -> 725765.51 | I90: =I91+I142+I155 -> 887658.98 | L90: =I90-'Orçamento UTR II'!I90 -> 743.72515
A91: 86 | C91: SERVIÇOS | G91: =G92+G94+G105+G113+G115+G124+G137 -> 212899.13 | I91: =I92+I94+I105+I113+I115+I124+I137 -> 275809.52 | L91: =I91-'Orçamento UTR II'!I91 -> 743.86213
A92: 87 | C92: Serviços Preliminares | G92: =SUM(G93) -> 497.08 | I92: =SUM(I93) -> 642.42 | L92: =I92-'Orçamento UTR II'!I92 -> 0.19264
A93: 88 | B93: 65000017 | C93: LOCACAO ESTRUTURAS - GABARITO/TABEIRA PARA OBRAS | D93: M2 | E93: 86 | F93: 5.78 | G93: 497.08 | H93: 7.47 | I93: 642.42 | J93: 1.292
A94: 89 | C94: Construção Civil | G94: =SUM(G95:G104) -> 64463.85 | I94: =SUM(I95:I104) -> 83288.13 | L94: =I94-'Orçamento UTR II'!I94 -> 0.84398267
A95: 90 | B95: 65000095 | C95: ALVENARIA ELEVACAO E=15CM - BLOCOS DE CONCRETO (40X20X15)CM | D95: M2 | E95: 4 | F95: 73.55 | G95: 294.2 | H95: 95.03 | I95: 380.12 | J95: 1.292
A96: 91 | B96: 65000096 | C96: ALVENARIA ELEVACAO E=20CM - BLOCOS DE CONCRETO (40X20X20)CM | D96: M2 | E96: 39 | F96: 80.43 | G96: 3136.77 | H96: 103.92 | I96: 4052.88 | J96: 1.292
A97: 92 | B97: 65002398 | C97: CAIXA EM ALVENARIA COM TAMPA DE CONCRETO DIMENSOES INTERNAS (50X50X50)CM | D97: UN | E97: 3 | F97: 373.16 | G97: 1119.48 | H97: 482.12 | I97: 1446.36 | J97: 1.292
A98: 93 | B98: 65000107 | C98: COBERTURA - TELHAS DE FIBROCIMENTO PERFIS TRAPEZOIDAIS L=0,40M | D98: M2 | E98: 136 | F98: 255.19 | G98: 34705.84 | H98: 329.71 | I98: 44840.56 | J98: 1.292
A99: 94 | B99: SE11000/O0-002 | C99: PORTA COMPLETA EM CHAPA DE AÇO, DE ABRIR, TIPO VENEZIANA, DUAS FOLHAS: (1,55 X 2,45) M - FORNECIMENTO E ASSENTAMENTO | D99: UN | E99: 1 | F99: 2504.97 | G99: 2504.97 | H99: 3236.42 | I99: 3236.42 | J99: 1.292
A100: 95 | B100: 99839 | C100: GUARDA-CORPO DE AÇO GALVANIZADO DE 1,10M DE ALTURA, MONTANTES TUBULARES DE 1.1/2 ESPAÇADOS DE 1,20M, TRAVESSA SUPERIOR DE 2 , GRADIL FORMADO POR BARRAS CHATAS EM FERRO DE 32X4,8MM, FIXADO COM CHUMBADOR MECÂNICO. AF_04/2019 | D100: M | E100: 40 | F100: 482.6 | G100: 19304 | H100: 623.52 | I100: 24940.8 | J100: 1.292
A101: 96 | B101: 65000133 | C101: PINTURA - LATEX SEM MASSA CORRIDA | D101: M2 | E101: 86 | F101: 22.26 | G101: 1914.36 | H101: 28.76 | I101: 2473.36 | J101: 1.292
A102: 97 | B102: 90733 | C102: ASSENTAMENTO DE TUBO DE PVC PARA REDE COLETORA DE ESGOTO DE PAREDE MACIÇA, DN 100 MM, JUNTA ELÁSTICA, INSTALADO EM LOCAL COM NÍVEL BAIXO DE INTERFERÊNCIAS (NÃO INCLUI FORNECIMENTO) | D102: M | E102: 6 | F102: 2.93 | G102: 17.58 | H102: 3.79 | I102: 22.74 | J102: 1.292
A103: 98 | B103: 90734 | C103: ASSENTAMENTO DE TUBO DE PVC PARA REDE COLETORA DE ESGOTO DE PAREDE MACIÇA, DN 150 MM, JUNTA ELÁSTICA, INSTALADO EM LOCAL COM NÍVEL BAIXO DE INTERFERÊNCIAS (NÃO INCLUI FORNECIMENTO) | D103: M | E103: 12 | F103: 3.47 | G103: 41.64 | H103: 4.48 | I103: 53.76 | J103: 1.292
A104: 99 | B104: 100726 | C104: PINTURA COM TINTA ALQUÍDICA DE FUNDO E ACABAMENTO (ESMALTE SINTÉTICO GRAFITE) APLICADA A ROLO OU PINCEL SOBRE SUPERFÍCIES METÁLICAS (EXCETO PERFIL) EXECUTADO EM OBRA (POR DEMÃO). AF_01/2020 | D104: M2 | E104: 51.5 | F104: 27.67 | G104: 1425.01 | H104: 35.75 | I104: 1841.13 | J104: 1.292
A105: 100 | C105: Movimento de Terra | G105: =SUM(G106:G112) -> 1005.98 | I105: =SUM(I106:I112) -> 1299.65 | L105: =I105-'Orçamento UTR II'!I105 -> -0.07616
A106: 101 | B106: 65000149 | C106: ESCAVACAO MANUAL EM SOLO, PROFUNDIDADE ATE 1,50 M | D106: M3 | E106: 16 | F106: 42.38 | G106: 678.08 | H106: 54.75 | I106: 876 | J106: 1.292
A107: 102 | B107: 65000173 | C107: ATERRO DE VALAS E CAVAS DE FUNDACAO, C/ AVALIACAO VISUAL DA COMPACTACAO | D107: M3 | E107: 7.5 | F107: 23.36 | G107: 175.2 | H107: 30.18 | I107: 226.35 | J107: 1.292
A108: 103 | B108: 65000181 | C108: CARGA MECANICA (MATERIAL EM GERAL), SEM MANUSEIO E ARRUMACAO DO MATERIAL | D108: M3 | E108: 10 | F108: 2.4 | G108: 24 | H108: 3.1 | I108: 31 | J108: 1.292
A109: 104 | B109: 65002545 | C109: TRANSPORTE EM PERIMETRO URBANO A GRANEL - DISTANCIA ATE 1,0 KM | D109: M3 | E109: 10 | F109: 4.53 | G109: 45.3 | H109: 5.85 | I109: 58.5 | J109: 1.292
A110: 105 | B110: 65002546 | C110: ADICIONAL DE TRANSPORTE EM PERIMETRO URBANO A GRANEL - DISTANCIA SUPERIOR A 1,0 KM | D110: M3K | E110: 20 | F110: 2.26 | G110: 45.2 | H110: 2.92 | I110: 58.4 | J110: 1.292
A111: 106 | B111: 65000182 | C111: DESCARGA DE MATERIAL EM GERAL, A GRANEL, DE CAMINHAO BASCULANTE | D111: M3 | E111: 10 | F111: 0.61 | G111: 6.1 | H111: 0.79 | I111: 7.9 | J111: 1.292
A112: 107 | B112: 65000176 | C112: ESPALHAMENTO DE SOLO EM BOTA FORA | D112: M3 | E112: 10 | F112: 3.21 | G112: 32.1 | H112: 4.15 | I112: 41.5 | J112: 1.292
A113: 108 | C113: Contenção, Escor., Esgot. e Drenagem | G113: =SUM(G114:G114) -> 7941.92 | I113: =SUM(I114:I114) -> 10260.6 | L113: =I113-'Orçamento UTR II'!I113 -> -0.36064
A114: 109 | B114: 65000237 | C114: CIMBRAMENTO DE MADEIRA | D114: M3 | E114: 196 | F114: 40.52 | G114: 7941.92 | H114: 52.35 | I114: 10260.6 | J114: 1.292
A115: 110 | C115: Fundações e Estruturas | G115: =SUM(G116:G123) -> 98498.57 | I115: =SUM(I116:I123) -> 128002.68 | L115: =I115-'Orçamento UTR II'!I115 -> 742.53402
...

Sheet CRONOGRAMA
A1: UTR ETA II
A3: CRONOGRAMA FÍSICO FINANCEIRO
A4: TRÊS PONTAS - MG
A6: ITEM | B6: DISCRIMINAÇÃO | C6: % DO ITEM | D6: VALOR (R$) | E6: 12 MESES
E7: 1 MÊS | F7: 2 MÊS | G7: 3 MÊS | H7: 4 MÊS | I7: 5 MÊS | J7: 6 MÊS | K7: 7 MÊS | L7: 8 MÊS | M7: 9 MÊS | N7: 10 MÊS | O7: 11 MÊS | P7: 12 MÊS
A9: 1 | B9: ='Orçamento UTR II -ARRED'!C8 -> UTR ETA II - TANQUES DE COMPENSAÇÃO/ELEV. DE EFLUENTES DA ETA | C9: =D9/$D$81 -> 0.35616778 | D9: =SUM(D11:D20) -> 570796.39
Q10: =SUM(E10:P10) -> 0
A11: 1.1 | B11: Serviços Específicos / Preliminares | C11: =D11/$D$81 -> 0.016110972 | D11: ='Orçamento UTR II -ARRED'!I10+'Orçamento UTR II -ARRED'!I12 -> 25819.53 | E11: 1 | Q11: =SUM(E11:P11) -> 1
E12: =$D$11*E11 -> 25819.53 | Q12: =SUM(E12:P12) -> 25819.53
A13: 1.2 | B13: Movimento de Terra | C13: =D13/$D$81 -> 0.0098422546 | D13: ='Orçamento UTR II -ARRED'!I22 -> 15773.25 | F13: 0.6 | G13: 0.4 | Q13: =SUM(E13:P13) -> 1
F14: =$D$13*F13 -> 9463.95 | G14: =$D$13*G13 -> 6309.3 | Q14: =SUM(E14:P14) -> 15773.25
A15: 1.3 | B15: Contenção, Escor., Esgot. e Drenagem / Fundações e Estruturas | C15: =D15/$D$81 -> 0.16357078 | D15: ='Orçamento UTR II -ARRED'!I30+'Orçamento UTR II -ARRED'!I32 -> 262139.41 | G15: 0.5 | H15: 0.5 | Q15: =SUM(E15:P15) -> 1
G16: =$D$15*G15 -> 131069.71 | H16: =$D$15*H15 -> 131069.71 | Q16: =SUM(E16:P16) -> 262139.41
A17: 1.4 | B17: Assentamentos | C17: =D17/$D$81 -> 0.14943719 | D17: ='Orçamento UTR II -ARRED'!I39+'Orçamento UTR II -ARRED'!I46+'Orçamento UTR II -ARRED'!I86 -> 239488.84 | I17: 0.2 | J17: 0.2 | K17: 0.2 | L17: 0.2 | M17: 0.2 | Q17: =SUM(E17:P17) -> 1
I18: =$D$17*I17 -> 47897.768 | J18: =$D$17*J17 -> 47897.768 | K18: =$D$17*K17 -> 47897.768 | L18: =$D$17*L17 -> 47897.768 | M18: =$D$17*M17 -> 47897.768 | Q18: =SUM(E18:P18) -> 239488.84
A19: 1.5 | B19: Construção Civil / Serviços Diversos | C19: =D19/$D$81 -> 0.017206582 | D19: ='Orçamento UTR II -ARRED'!I14+'Orçamento UTR II -ARRED'!I44 -> 27575.36 | I19: 0.2 | J19: 0.2 | K19: 0.2 | L19: 0.2 | M19: 0.2
I20: =$D$19*I19 -> 5515.072 | J20: =$D$19*J19 -> 5515.072 | K20: =$D$19*K19 -> 5515.072 | L20: =$D$19*L19 -> 5515.072 | M20: =$D$19*M19 -> 5515.072
A21: 2 | B21: ='Orçamento UTR II -ARRED'!C90 -> UTR-ETA II - SISTEMA DE DESAGUAMENTO | C21: =D21/$D$81 -> 0.55388494 | D21: =SUM(D37:D48) -> 887658.98
C23: =D23/$D$81 -> 0.017701675 | D23: ='Orçamento UTR II -ARRED'!I18+'Orçamento UTR II -ARRED'!I48 -> 28368.8
C25: =D25/$D$81 -> 0.00031743935 | D25: ='Orçamento UTR II -ARRED'!I20+'Orçamento UTR II -ARRED'!I50 -> 508.73
C27: =D27/$D$81 -> 0.010379305 | D27: ='Orçamento UTR II -ARRED'!I22+'Orçamento UTR II -ARRED'!I52 -> 16633.93
C29: =D29/$D$81 -> 0.003618408 | D29: ='Orçamento UTR II -ARRED'!I24+'Orçamento UTR II -ARRED'!I54 -> 5798.88
C31: =D31/$D$81 -> 0.001605311 | D31: ='Orçamento UTR II -ARRED'!I26+'Orçamento UTR II -ARRED'!I56 -> 2572.68
C33: =D33/$D$81 -> 0.00097114988 | D33: ='Orçamento UTR II -ARRED'!I28+'Orçamento UTR II -ARRED'!I58 -> 1556.37
C35: =D35/$D$81 -> 0.0019738796 | D35: ='Orçamento UTR II -ARRED'!I30+'Orçamento UTR II -ARRED'!I60 -> 3163.35
A37: 2.1 | B37: Serviços Preliminares | C37: =D37/$D$81 -> 0.00040085976 | D37: ='Orçamento UTR II -ARRED'!I92 -> 642.42 | E37: 1 | Q37: =SUM(E37:P37) -> 1
E38: =$D$37*E37 -> 642.42 | Q38: =SUM(E38:P38) -> 642.42
A39: 2.3 | B39: Movimento de Terra | C39: =D39/$D$81 -> 0.00081096072 | D39: ='Orçamento UTR II -ARRED'!I105 -> 1299.65 | F39: 0.6 | G39: 0.4 | Q39: =SUM(E39:P39) -> 1
F40: =$D$39*F39 -> 779.79 | G40: =$D$39*G39 -> 519.86 | Q40: =SUM(E40:P40) -> 1299.65
A41: 2.4 | B41: Contenção, Escor., Esgot. e Drenagem / Fundações e Estruturas | C41: =D41/$D$81 -> 0.086274066 | D41: ='Orçamento UTR II -ARRED'!I113+'Orçamento UTR II -ARRED'!I115 -> 138263.28 | H41: 0.5 | I41: 0.5 | Q41: =SUM(E41:P41) -> 1
H42: =$D$41*H41 -> 69131.64 | I42: =$D$41*I41 -> 69131.64 | Q42: =SUM(E42:P42) -> 138263.28
A43: 2.5 | B43: Assentamentos | C43: =D43/$D$81 -> 0.39594839 | D43: ='Orçamento UTR II -ARRED'!I124+'Orçamento UTR II -ARRED'!I142+'Orçamento UTR II -ARRED'!I155 -> 634549.01 | J43: 0.2 | K43: 0.3 | L43: 0.3 | M43: 0.2 | Q43: =SUM(E43:P43) -> 1
J44: =$D$43*J43 -> 126909.8 | K44: =$D$43*K43 -> 190364.7 | L44: =$D$43*L43 -> 190364.7 | M44: =$D$43*M43 -> 126909.8 | Q44: =SUM(E44:P44) -> 634549.01
A45: 2.2 | B45: Construção Civil | C45: =D45/$D$81 -> 0.051970455 | D45: ='Orçamento UTR II -ARRED'!I94 -> 83288.13 | I45: 0.1 | J45: 0.2 | K45: 0.3 | L45: 0.2 | M45: 0.2
I46: =$D$45*I45 -> 8328.813 | J46: =$D$45*J45 -> 16657.626 | K46: =$D$45*K45 -> 24986.439 | L46: =$D$45*L45 -> 16657.626 | M46: =$D$45*M45 -> 16657.626
A47: 2.6 | B47: Serviços Diversos | C47: =D47/$D$81 -> 0.018480214 | D47: ='Orçamento UTR II -ARRED'!I137 -> 29616.49 | M47: 1
M48: =$D$47*M47 -> 29616.49
A49: 3 | B49: ='Orçamento UTR II -ARRED'!C188 -> UTR-ETA II - LINHA DE RECALQUE | C49: =D49/$D$81 -> 0.029239656 | D49: =SUM(D51:D58) -> 46859.63
A51: 3.1 | B51: Movimento de Terra | C51: =D51/$D$81 -> 0.0032065099 | D51: ='Orçamento UTR II -ARRED'!I190 -> 5138.77 | N51: 0.5 | O51: 0.5
N52: =$D$51*N51 -> 2569.385 | O52: =$D$51*O51 -> 2569.385
A53: 3.2 | B53: Contenção, Escor., Esgot. e Drenagem | C53: =D53/$D$81 -> 0.0036794586 | D53: ='Orçamento UTR II -ARRED'!I195 -> 5896.72 | N53: 0.5 | O53: 0.5
N54: =$D$53*N53 -> 2948.36 | O54: =$D$53*O53 -> 2948.36
A55: 3.3 | B55: Topografia / Serviços Específicos | C55: =D55/$D$81 -> 0.00077603634 | D55: ='Orçamento UTR II -ARRED'!I200+'Orçamento UTR II -ARRED'!I202 -> 1243.68 | N55: 0.5 | O55: 0.5
N56: =$D$55*N55 -> 621.84 | O56: =$D$55*O55 -> 621.84
A57: 3.4 | B57: Assentamentos | C57: =D57/$D$81 -> 0.021577652 | D57: ='Orçamento UTR II -ARRED'!I198+'Orçamento UTR II -ARRED'!I204 -> 34580.46 | N57: 0.5 | O57: 0.5
N58: =$D$57*N57 -> 17290.23 | O58: =$D$57*O57 -> 17290.23
A59: 4 | B59: ='Orçamento UTR II -ARRED'!C209 -> UTR-ETA II - ESGOTAMENTO DO ADENSADOR E CENTRIFUGA | C59: =D59/$D$81 -> 0.014157827 | D59: =SUM(D61:D70) -> 22689.41
A61: 4.1 | B61: Construção Civil | C61: =D61/$D$81 -> 0.0063911867 | D61: ='Orçamento UTR II -ARRED'!I211+'Orçamento UTR II -ARRED'!I229-0.01 -> 10242.55 | N61: 0.5 | O61: 0.5
N62: =$D$61*N61 -> 5121.275 | O62: =$D$61*O61 -> 5121.275
A63: 4.2 | B63: Movimento de Terra | C63: =D63/$D$81 -> 0.0036753465 | D63: ='Orçamento UTR II -ARRED'!I213 -> 5890.13 | N63: 0.5 | O63: 0.5
N64: =$D$63*N63 -> 2945.065 | O64: =$D$63*O63 -> 2945.065
A65: 4.3 | B65: Contenção, Escor., Esgot. e Drenagem | C65: =D65/$D$81 -> 0.0018095721 | D65: ='Orçamento UTR II -ARRED'!I220 -> 2900.03 | N65: 0.5 | O65: 0.5
N66: =$D$65*N65 -> 1450.015 | O66: =$D$65*O65 -> 1450.015
A67: 4.4 | B67: Fundações e Estruturas | C67: =D67/$D$81 -> 0.001596987 | D67: ='Orçamento UTR II -ARRED'!I222 -> 2559.34 | N67: 0.5 | O67: 0.5
N68: =$D$67*N67 -> 1279.67 | O68: =$D$67*O67 -> 1279.67
A69: 4.5 | B69: Topografia / Serviços Específicos | C69: =D69/$D$81 -> 0.00068473501 | D69: ='Orçamento UTR II -ARRED'!I225+'Orçamento UTR II -ARRED'!I227 -> 1097.36 | N69: 0.5 | O69: 0.5
N70: =$D$69*N69 -> 548.68 | O70: =$D$69*O69 -> 548.68
A71: 5 | B71: ='Orçamento UTR II -ARRED'!C158 -> UTR-ETA II - INTERLIGAÇÃO ETA/TANQUES COMPENSAÇÃO | C71: =D71/$D$81 -> 0.046549794 | D71: =SUM(D73:D80) -> 74600.95
A73: 5.1 | B73: Movimento de Terra | C73: =D73/$D$81 -> 0.0026624022 | D73: ='Orçamento UTR II -ARRED'!I162-0.01 -> 4266.78 | P73: 1
P74: =$D$73*P73 -> 4266.78
A75: 5.2 | B75: Construção Civil | C75: =D75/$D$81 -> 0.00057356603 | D75: ='Orçamento UTR II -ARRED'!I160 -> 919.2 | P75: 1
P76: =$D$75*P75 -> 919.2
A77: 5.3 | B77: Topografia / Serviços Específicos | C77: =D77/$D$81 -> 0.00060865265 | D77: ='Orçamento UTR II -ARRED'!I173+'Orçamento UTR II -ARRED'!I175 -> 975.43 | P77: 1
P78: =$D$77*P77 -> 975.43
A79: 5.4 | B79: Assentamentos | C79: =D79/$D$81 -> 0.042705174 | D79: ='Orçamento UTR II -ARRED'!I171+'Orçamento UTR II -ARRED'!I177 -> 68439.54 | P79: 1
P80: =$D$79*P79 -> 68439.54
A81: TOTAL DESEMBOLSO MENSAL | C81: =C71+C59+C49+C21+C9 -> 1 | D81: =D9+D21+D49+D59+D71 -> 1602605.4 | E81: =E12+E14+E16+E18+E20+E38+E40+E42+E44+E46+E48+E52+E54+E56+E58+E62+E64+E66+E68+E70+E74+E76+E78+E80 -> 26461.95 | F81: =F12+F14+F16+F18+F20+F38+F40+F42+F44+F46+F48+F52+F54+F56+F58+F62+F64+F66+F68+F70+F74+F76+F78+F80 -> 10243.74 | G81: =G12+G14+G16+G18+G20+G38+G40+G42+G44+G46+G48+G52+G54+G56+G58+G62+G64+G66+G68+G70+G74+G76+G78+G80 -> 137898.86 | H81: =H12+H14+H16+H18+H20+H38+H40+H42+H44+H46+H48+H52+H54+H56+H58+H62+H64+H66+H68+H70+H74+H76+H78+H80 -> 200201.35 | I81: =I12+I14+I16+I18+I20+I38+I40+I42+I44+I46+I48+I52+I54+I56+I58+I62+I64+I66+I68+I70+I74+I76+I78+I80 -> 130873.29 | J81: =J12+J14+J16+J18+J20+J38+J40+J42+J44+J46+J48+J52+J54+J56+J58+J62+J64+J66+J68+J70+J74+J76+J78+J80 -> 196980.27 | K81: =K12+K14+K16+K18+K20+K38+K40+K42+K44+K46+K48+K52+K54+K56+K58+K62+K64+K66+K68+K70+K74+K76+K78+K80 -> 268763.98 | L81: =L12+L14+L16+L18+L20+L38+L40+L42+L44+L46+L48+L52+L54+L56+L58+L62+L64+L66+L68+L70+L74+L76+L78+L80 -> 260435.17 | ... P81: =P12+P14+P16+P18+P20+P38+P40+P42+P44+P46+P48+P52+P54+P56+P58+P62+P64+P66+P68+P70+P74+P76+P78+P80 -> 74600.95
A82: DESEMBOLSO ACUMULADO | E82: =E81 -> 26461.95 | F82: =F81+E82 -> 36705.69 | G82: =G81+F82 -> 174604.55 | H82: =H81+G82 -> 374805.9 | I82: =I81+H82 -> 505679.19 | J82: =J81+I82 -> 702659.46 | K82: =K81+J82 -> 971423.44 | L82: =L81+K82 -> 1231858.6 | M82: =M81+L82 -> 1458455.4 | ... P82: =P81+O82 -> 1602605.4 | Q82: =Q81+#REF! -> #REF!
A83: % MENSAL | E83: =E81/$D$81 -> 0.016511832 | F83: =F81/$D$81 -> 0.0063919292 | G83: =G81/$D$81 -> 0.086046677 | H83: =H81/$D$81 -> 0.12492242 | I83: =I81/$D$81 -> 0.081662832 | J83: =J81/$D$81 -> 0.12291252 | K83: =K81/$D$81 -> 0.16770441 | L83: =L81/$D$81 -> 0.16250736 | ... Q83: =Q81/$D$81 -> 0
A84: % MENSAL ACUMULADA | E84: =E83 -> 0.016511832 | F84: =F83+E84 -> 0.022903761 | G84: =G83+F84 -> 0.10895044 | H84: =H83+G84 -> 0.23387286 | I84: =I83+H84 -> 0.31553569 | J84: =J83+I84 -> 0.43844822 | K84: =K83+J84 -> 0.60615262 | L84: =L83+K84 -> 0.76865999 | M84: =M83+L84 -> 0.91005272 | ... P84: =P83+O84 -> 1
B87: Observações:
A88: 1 ) | B88: Os materiais serão medidos conforme o seu assentamento, e seus valores estão inclusos no item assentamento.

Sheet LISTA DE COMPOSIÇÕES
B1: LISTA DE COMPOSIÇÕES
B2: Base: DISL1224 - SINAPI - Região Sul - MG - DESONERAD
B3: Orçamento: TRÊS PONTAS / MG - S.A.A. - UTR ETA II
A4: Código | B4: Denominação | E4: Un | F4: Total $
A5: ='Orçamento UTR II -ARRED'!B11 -> SE11000/O0-S001 | B5: ='Orçamento UTR II -ARRED'!C11 -> ELABORAÇÃO DE PROJETO EXECUTIVO COMPLEMENTAR, DESTINADO A AJUSTES NECESSÁRIOS DURANTE A OBRA, ELÉTRICO E ESTRUTURAL EM FORMATO A1 | E5: UN | F5: =SUM(F6:F8) -> 19261.44
A6: 65003661 | B6: PROJETO ELETRICO - DETALHAMENTOS COMPLEMENTARES, DIAGRAMAS TRIFILARES, DIAGRAMAS DE COMANDO E DETALHES DE INSTALACAO | C6: UN | D6: 4 | E6: 1475.07 | F6: =E6*D6 -> 5900.28
A7: 65003736 | B7: PROJETO ELETRICO DIAGRAMAS UNIFILARES, DISTRIBUICAO DE CIRCUITO DE FORÇA E CONTROLE, REDE DE DUTOS, PADRAO DE ENTRADA EM BAIXA TENSAO, MEMORIA DE CALCULO, DESCRITIVO | C7: UN | D7: 1 | E7: 3103.88 | F7: =E7*D7 -> 3103.88
A8: 65002795 | B8: PROJETO ESTRUTURAL DE CONCRETO ARMADO - FORMATO A1. | C8: UN | D8: 4 | E8: 2564.32 | F8: =E8*D8 -> 10257.28
A9: SE11000/O0-M007 | B9: ARRUELA C/ BORRACHA ( ABMF ), DN 400 MM | E9: UN | F9: =SUM(F10) -> 59.121667
A10: V0000008 | B10: ARRUELA C/ BORRACHA ( ABMF ), DN 400 MM | C10: UN | D10: 1 | E10: =COTAÇÕES!BW4 -> 59.121667 | F10: =E10*D10 -> 59.121667
A11: Regulamentação: Descrição do Serviço: ARRUELA C/ BORRACHA ( ABMF ), DN 400 MM - FORNECIMENTO À CARGO DA EMPREITEIRA Critério de Medição: POR UNIDADE, EM COMUM ACORDO COM FISCALIZAÇÃO
A12: SE11000/O0-M012 | B12: ARRUELA C/ BORRACHA (ABMF), DN 100 MM | E12: UN | F12: =SUM(F13) -> 56.01
A13: V0000001 | B13: ARRUELA C/ BORRACHA (ABMF), DN 100 MM | C13: UN | D13: 1 | E13: =COTAÇÕES!BW5 -> 56.01 | F13: =E13*D13 -> 56.01
A14: Regulamentação: Descrição do Serviço: ARRUELA C/ BORRACHA ( ABMF ), DN 100 MM - FORNECIMENTO À CARGO DA EMPREITEIRA Critério de Medição: POR UNIDADE, EM COMUM ACORDO COM FISCALIZAÇÃO
A15: SE11000/O0-M013 | B15: ARRUELA C/ BORRACHA (ABMF), DN 150 MM | E15: UN | F15: =SUM(F16) -> 73.43
A16: V0000002 | B16: ARRUELA C/ BORRACHA (ABMF), DN 150 MM | C16: UN | D16: 1 | E16: =COTAÇÕES!BW3 -> 73.43 | F16: =E16*D16 -> 73.43
A17: Regulamentação: Descrição do Serviço: ARRUELA C/ BORRACHA ( ABMF ), DN 150 MM - FORNECIMENTO À CARGO DA EMPREITEIRA Critério de Medição: POR UNIDADE, EM COMUM ACORDO COM FISCALIZAÇÃO
A18: SE11000/O0-M018 | B18: CABEÇOTE (CAB) - EURO 300/350/400 MM | E18: UN | F18: =SUM(F19) -> 282
A19: V0000014 | B19: CABEÇOTE (CAB) - EURO 300/350/400 MM | C19: UN | D19: 1 | E19: =COTAÇÕES!BW6 -> 282 | F19: =E19*D19 -> 282
A20: Regulamentação: Descrição do Serviço: CABEÇOTE (CAB) - EURO 300/350/400 MM - FORNECIMENTO À CARGO DA EMPREITEIRA Critério de Medição: POR UNIDADE, EM COMUM ACORDO COM FISCALIZAÇÃO
A21: SE11000/O0-S019 | B21: CAÇAMBA ESTACIONÁRIA, CAPACIDADE PARA 5 M3, PARA COLETA DO LODO DESIDRATADO, COM DOIS CARRINHOS REBOQUE E TRILHOS DE 9,00 M, CONFORME PROJETO - FORNECIMENTO E COLOCAÇÃO | E21: UN | F21: =SUM(F22:F26) -> 12787.913
A22: 6110 | B22: SERRALHEIRO | C22: H | D22: 8 | E22: 18.81 | F22: =E22*D22 -> 150.48
A23: 0252 | B23: AJUDANTE DE SERRALHEIRO | C23: H | D23: 8 | E23: 14.47 | F23: =E23*D23 -> 115.76
A24: 65 001 132 | B24: MONOVIA EM PERFIL METALICO " I " DE 6" | C24: M | D24: 18 | E24: 269.83 | F24: =E24*D24 -> 4856.94
A25: V0000066 | B25: CAÇAMBA ESTACIONÁRIA, CAPACIDADE DE 5 M3 | C25: UN | D25: 1 | E25: =COTAÇÕES!BW7 -> 6283.3333 | F25: =E25*D25 -> 6283.3333
A26: V0000068 | B26: ROLDANA CONCOVA DUPLA, EM CHAPA DE ACO, | C26: UN | D26: 2 | E26: =COTAÇÕES!BW41 -> 690.7 | F26: =E26*D26 -> 1381.4
A27: Regulamentação: Descrição do Serviço: FORNECIMENTO E COLOCAÇÃO DE CAÇAMBA ESTACIONÁRIA, CAPACIDADE PARA 5 M3, PARA COLETA DO LODO DESIDRATADO, COM DOIS (2) CARRINHO REBOQUE E TRILHOS DE 9,00 M. Compreende o fornecimento de todos os equipamentos, ferramentas, materiais e mão-de-obra necessários e suficientes à execução dos serviços de instalação do trilho (perfil) horizontal e/ou vertical engastados ou chumbados, batente, andaime, escoramento e travamento, inclusive carga e/ou descarga, transporte vertical e/ou horizontal, manual e/ou mecânico, inclusive instalação dos dois carrinhos reboque para caçamba estacionária, conforme projeto. Critério de Medição: POR UNIDADE, EM COMUM ACORDO COM FISCALIZAÇÃO
A28: SE11000/O0-Q001 | B28: CONJUNTO MOTOBOMBA SUBMERSA, INSTALAÇÃO HORIZONTAL, POTÊNCIA DE 7,5 KW, CONFORME ESPECIFICAÇÃO TÉCNICA | E28: UN | F28: =SUM(F29) -> 32582.333
A29: V0000023 | B29: CONJUNTO MOTOBOMBA SUBMERSA, POT. 7,5 KW | C29: UN | D29: 1 | E29: =COTAÇÕES!BW8 -> 32582.333 | F29: =E29*D29 -> 32582.333
A30: Regulamentação: Descrição do Serviço: CONJUNTO MOTOBOMBA SUBMERSA, INSTALAÇÃO HORIZONTAL, POTÊNCIA DE 7,5 KW, CONFORME ESPECIFICAÇÃO TÉCNICA - FORNECIMENTO À CARGO DA EMPREITEIRA Critério de Medição: POR UNIDADE, EM COMUM ACORDO COM FISCALIZAÇÃO
A31: SE11000/O0-S001 | B31: CONJUNTO SOPRADOR DE AR, CONFORME PROJETO - INSTALAÇÃO | E31: UN | F31: =SUM(F32:F33) -> 126.64
A32: 2696 | B32: ENCANADOR OU BOMBEIRO HIDRAULICO | C32: H | D32: 4 | E32: 18.81 | F32: =E32*D32 -> 75.24
A33: 6121 | B33: AUXILIAR DE SERVICOS GERAIS | C33: H | D33: 4 | E33: 12.85 | F33: =E33*D33 -> 51.4
A34: Regulamentação: Descrição do Serviço: Instalação do Conjunto Soprador conforme projeto. Compreende toda mão de obra e os materiais e equipamentos necessários. Inclui ainda, toda e qualquer movimentação das peças no local da obra, transportes verticais e horizontais, com o emprego de processos manuais ou mecânicos. Critério de Medição: Pela unidade Insumos Mínimos Bombeiro, Auxiliar de bombeiro
A35: SE11000/O0-M006 | B35: CURVA 90°DE F°F°COM FLANGES ( C90°FF10 ), DN 400 MM | E35: UN | F35: =SUM(F36) -> 7298.78
A36: V0000009 | B36: CURVA 90°DE F°F°(C90°FF10), DN 400 MM | C36: UN | D36: 1 | E36: =COTAÇÕES!BW11 -> 7298.78 | F36: =E36*D36 -> 7298.78
A37: Regulamentação: Descrição do Serviço: CURVA 90°DE F°F° COM FLANGES ( C90°FF10 ), DN 400 MM - FORNECIMENTO À CARGO DA EMPREITEIRA Critério de Medição: POR UNIDADE, EM COMUM ACORDO COM FISCALIZAÇÃO
A38: SE11000/O0-M014 | B38: CURVA 90°DE F°F°COM FLANGES (C90°FF10), DN 150 MM | E38: UN | F38: =SUM(F39) -> 558.07143
A39: V0000005 | B39: CURVA 90°DE F°F°(C90°FF10), DN 150 MM | C39: UN | D39: 1 | E39: =COTAÇÕES!BW10 -> 558.07143 | F39: =E39*D39 -> 558.07143
A40: Regulamentação: Descrição do Serviço: CURVA 90°DE F°F° COM FLANGES ( C90°FF10 ), DN 150 MM - FORNECIMENTO À CARGO DA EMPREITEIRA Critério de Medição: POR UNIDADE, EM COMUM ACORDO COM FISCALIZAÇÃO
A41: SE11000/O0-M036 | B41: CURVA 90° DE F°F° COM FLANGES (C90°FF10X), DN 100 MM | E41: UN | F41: =SUM(F42) -> 409.36357
A42: V0000037 | B42: CURVA 90°DE F°F°(C90°FF10), DN 100 MM | C42: UN | D42: 1 | E42: =COTAÇÕES!BW9 -> 409.36357 | F42: =E42*D42 -> 409.36357
A43: Regulamentação: Descrição do Serviço: CURVA 90°DE F°F° COM FLANGES ( C90°FF10X ), DN 100 MM - FORNECIMENTO À CARGO DA EMPREITEIRA Critério de Medição: POR UNIDADE, EM COMUM ACORDO COM FISCALIZAÇÃO
A44: SE11000/O0-M024 | B44: CURVA 90° DE F°F°, COM BOLSAS, ( C90°JGS ), DN 400 MM | E44: UN | F44: =SUM(F45) -> 3748.54
A45: V0000012 | B45: CURVA 90°DE F°F°, (C90°JGS), DN 400 MM | C45: UN | D45: 1 | E45: =COTAÇÕES!BW12 -> 3748.54 | F45: =E45*D45 -> 3748.54
A46: Regulamentação: Descrição do Serviço: CURVA 90°DE F°F°, COM BOLSAS, ( C90°JGS ), DN 400 MM - FORNECIMENTO À CARGO DA EMPREITEIRA Critério de Medição: POR UNIDADE, EM COMUM ACORDO COM FISCALIZAÇÃO
A47: SE11000/O0-M040 | B47: ESCADA METÁLICA MÓVEL COM UM DEGRAU DE 50 CM E TRÊS DE 25 CM, L= 70 CM E H= 74 CM, CONFORME PROJETO | E47: UN | F47: =SUM(F48) -> 4380
A48: V0000067 | B48: ESCADA METÁLICA MÓVEL, CONFORME PROJETO | C48: UN | D48: 1 | E48: =COTAÇÕES!BW13 -> 4380 | F48: =E48*D48 -> 4380
A49: Regulamentação: Descrição do Serviço: ESCADA METÁLICA MÓVEL COM UM DEGRAU DE 50 CM E TRÊS DE 25 CM, L= 70 CM E H= 74 CM, CONFORME - PROJETO FORNECIMENTO À CARGO DA EMPREITEIRA Critério de Medição: POR UNIDADE, EM COMUM ACORDO COM FISCALIZAÇÃO
A50: SE11000/O0-M022 | B50: ESPIGÃO MACHO E FÊMEA, COM ROSCA BSP, Ø 2.1/2" | E50: UN | F50: =SUM(F51) -> 225.16667
A51: V0000069 | B51: ESPIGÃO MACHO E FÊMEA, ROSCA, Ø 2.1/2" | C51: UN | D51: 1 | E51: =COTAÇÕES!BW18 -> 225.16667 | F51: =E51*D51 -> 225.16667
A52: Regulamentação: Descrição do Serviço: ESPIGÃO MACHO E FÊMEA, COM ROSCA BSP, Ø 2.1/2" - FORNECIMENTO À CARGO DA EMPREITEIRA Critério de Medição: POR UNIDADE, EM COMUM ACORDO COM FISCALIZAÇÃO
A53: SE11000/O0-S004 | B53: ESQUADRIAS (JANELA) DE ALUMÍNIO COM TELA ONDULADA EM ARAME, MALHA DE 1", QUADRO EM CANTONEIRA EM ALUMÍNIO 1/2" - FORNECIMENTO E COLOCAÇÃO | E53: M2 | F53: =SUM(F54:F57) -> 558.17967
A54: 35000041 | B54: OFICIAL, INCLUSIVE ES E ENCARGOS COMPLEMENTARES | C54: H | D54: 1 | E54: 28.8 | F54: =E54*D54 -> 28.8
A55: 35000044 | B55: SERVENTE, INCLUSIVE ES E ENCARGOS COMPLEMENTARES | C55: H | D55: 1 | E55: 21.19 | F55: =E55*D55 -> 21.19
A56: 65000084 | B56: ARGAMASSA DE CIMENTO E AREIA, TRACO 1:3 | C56: M3 | D56: 0.05 | E56: 698.46 | F56: =E56*D56 -> 34.923
A57: V0000007 | B57: ESQUADRIAS DE ALUMÍNIO COM TELA ONDULADA | C57: M3 | D57: 1 | E57: =COTAÇÕES!BW19 -> 473.26667 | F57: =E57*D57 -> 473.26667
A58: Regulamentação: Descrição do Serviço: Colocação de esquadrias (janela) alumínio, conforme projeto. Corresponde de todos os serviços e materiais necessários. Critério de Medição: Por m2 colocada, em comum acordo com Fiscalização Insumos Mínimos: Pedreiro, Servente, Areia, Cimento, Cal hidratada e Esquadrias de alumínio
A59: SE11000/O0-S003 | B59: ESQUADRIAS (JANELA) DE ALUMÍNIO TIPO VENEZIANA - FORNECIMENTO E COLOCAÇÃO | E59: M2 | F59: =SUM(F60:F63) -> 558.17967
A60: 35000041 | B60: OFICIAL, INCLUSIVE ES E ENCARGOS COMPLEMENTARES | C60: H | D60: 1 | E60: 28.8 | F60: =E60*D60 -> 28.8
A61: 35000044 | B61: SERVENTE, INCLUSIVE ES E ENCARGOS COMPLEMENTARES | C61: H | D61: 1 | E61: 21.19 | F61: =E61*D61 -> 21.19
A62: 65000084 | B62: ARGAMASSA DE CIMENTO E AREIA, TRACO 1:3 | C62: M3 | D62: 0.05 | E62: 698.46 | F62: =E62*D62 -> 34.923
A63: V0000006 | B63: ESQUADRIAS DE ALUMÍNIO COM TELA ONDULADA | C63: M2 | D63: 1 | E63: =COTAÇÕES!BW19 -> 473.26667 | F63: =E63*D63 -> 473.26667
A64: Regulamentação: Descrição do Serviço: Colocação de esquadrias (janela) alumínio, conforme projeto. Corresponde de todos os serviços e materiais necessários. Critério de Medição: Por m2 colocada, em comum acordo com Fiscalização Insumos Mínimos: Pedreiro, Servente, Areia, Cimento, Cal hidratada e Esquadrias de alumínio
A65: SE11000/O0-S018 | B65: EXTRAVASOR E DESCARGA DO PREPARADOR DE POLÍMERO CONFORME PROJETO - FORNECIMENTO E INSTALAÇÃO | E65: UN | F65: =SUM(F66:F74) -> 726.2025
A66: 2696 | B66: ENCANADOR OU BOMBEIRO HIDRAULICO | C66: UN | D66: 2 | E66: 18.81 | F66: =E66*D66 -> 37.62
A67: 246 | B67: AUXILIAR DE ENCANADOR OU BOMBEIRO HIDRAULICO | C67: UN | D67: 2 | E67: 14.47 | F67: =E67*D67 -> 28.94
A68: 119 | B68: ADESIVO PLASTICO PARA PVC, BISNAGA COM 75 GR | C68: UN | D68: 1 | E68: 8 | F68: =E68*D68 -> 8
A69: 112 | B69: ADAPTADOR PVC SOLDAVEL CURTO COM BOLSA E ROSCA, 50 MM X1.1/2", PARA AGUA FRIA | C69: UN | D69: 4 | E69: 4.38 | F69: =E69*D69 -> 17.52
A70: 3540 | B70: JOELHO PVC, SOLDAVEL, 90 GRAUS, 50 MM, PARA AGUA FRIA PREDIAL U | C70: UN | D70: 8 | E70: 4.9 | F70: =E70*D70 -> 39.2
A71: 7142 | B71: TE SOLDAVEL, PVC, 90 GRAUS,50 MM, PARA AGUA FRIA PREDIAL (NBR 5648) | C71: UN | D71: 3 | E71: 9.47 | F71: =E71*D71 -> 28.41
A72: 9875 | B72: TUBO PVC, SOLDAVEL, DN 50 MM, PARA AGUA FRIA (NBR-5648) | C72: M | D72: 6 | E72: 15.16 | F72: =E72*D72 -> 90.96
A73: 9897 | B73: UNIAO PVC, SOLDAVEL, 50 MM, PARA AGUA FRIA PREDIAL | C73: UN | D73: 1 | E73: 27.15 | F73: =E73*D73 -> 27.15
A74: V0000063 | B74: VÁLVULA DE ESFERA SOLDÁVEL EM PP, DE 50 | C74: UN | D74: 3 | E74: =COTAÇÕES!BW64 -> 149.4675 | F74: =E74*D74 -> 448.4025
A75: Regulamentação: Descrição do Serviço: EXTRAVASOR E DESCARGA DO PREPARADOR DE POLÍMERO CONFORME PROJETO - FORNECIMENTO E INSTALAÇÃO. Compreende toda mão de obra e os materiais e equipamentos necessários. Inclui ainda, toda e qualquer movimentação das peças no local da obra, transportes verticais e horizontais, com o emprego de processos manuais ou mecânicos. Critério de Medição: Por unidade, em comum acordo com fiscalização Insumos Mínimos: Bombeiro, Auxliar de bombeiro e todos os materiais listados no Analítico
A76: SE11000/O-M023 | B76: FLANGE LIVRE DE PVC, SOLDÁVEL, DE 100 MM | E76: UN | F76: =SUM(F77) -> 228.1325
A77: V0000071 | B77: FLANGE LIVRE DE PVC, SOLDÁVEL, DE 100 MM | C77: UN | D77: 1 | E77: =COTAÇÕES!BW21 -> 228.1325 | F77: =E77*D77 -> 228.1325
A78: Regulamentação: Descrição do Serviço: FLANGE LIVRE DE PVC, SOLDÁVEL, DE 100 MM - FORNECIMENTO À CARGO DA EMPREITEIRA Critério de Medição: POR UNIDADE, EM COMUM ACORDO COM FISCALIZAÇÃO Insumos Mínimos Bombeiro e Auxliar de bombeiro.
A79: SE11000/O0-S018 | B79: INSTALAÇÃO DO TRANSPORTE DE AR COMPRIMIDO,(RECALDQUE), CONFORME PROJETO | E79: UN | F79: =SUM(F80:F81) -> 191
A80: 2696 | B80: ENCANADOR OU BOMBEIRO HIDRAULICO | C80: UN | D80: 4 | E80: 18.81 | F80: =E80*D80 -> 75.24
A81: 246 | B81: AUXILIAR DE ENCANADOR OU BOMBEIRO HIDRAULICO | C81: UN | D81: 8 | E81: 14.47 | F81: =E81*D81 -> 115.76
A82: Regulamentação: Descrição do Serviço: INSTALAÇÃO DO TRANSPORTE DE AR COMPRIMIDO,(RECALDQUE), CONFORME PROJETO. Compreende toda mão de obra e os materiais e equipamentos necessários. Inclui ainda, toda e qualquer movimentação das peças no local da obra, transportes verticais e horizontais, com o emprego de processos manuais ou mecânicos. Critério de Medição: Por unidade, em comum acordo com fiscalização Insumos Mínimos Bombeiro e Auxliar de bombeiro.
A83: SE11000/O0-S007 | B83: INTERLIGAÇÃO DO TANQUE DE LODO ADENSADO A CENTRÍFUGA, CONFORME PROJETO - FORNECIMENTO E INSTALAÇÃO | E83: UN | F83: =SUM(F84:F98) -> 3628.8658
A84: 2696 | B84: ENCANADOR OU BOMBEIRO HIDRAULICO | C84: H | D84: 2 | E84: 18.81 | F84: =E84*D84 -> 37.62
A85: 246 | B85: AUXILIAR DE ENCANADOR OU BOMBEIRO HIDRAULICO | C85: H | D85: 2 | E85: 14.47 | F85: =E85*D85 -> 28.94
A86: 815 | B86: BUCHA DE REDUCAO DE PVC, SOLDAVEL, LONGA, COM 60 X 40 MM, PARA AGUA FRIA PREDIAL | C86: UN | D86: 1 | E86: 16.21 | F86: =E86*D86 -> 16.21
A87: 817 | B87: BUCHA DE REDUCAO DE PVC, SOLDAVEL, LONGA, COM 85 X 60 MM, PARA AGUA FRIA PREDIAL | C87: UN | D87: 1 | E87: 18.54 | F87: =E87*D87 -> 18.54
A88: 3513 | B88: JOELHO PVC, SOLDAVEL, 90 GRAUS, 85 MM, PARA AGUA FRIA PREDIAL U | C88: UN | D88: 1 | E88: 100.27 | F88: =E88*D88 -> 100.27
A89: 3905 | B89: LUVA SOLDAVEL COM ROSCA, PVC, 40 MM X 1 1/4", PARA AGUA FRIA PREDIAL | C89: UN | D89: 1 | E89: 10.14 | F89: =E89*D89 -> 10.14
A90: V0000042 | B90: TE DE REDUCAO, PVC, SOLDAVEL, DE 85 X 75 | C90: UN | D90: 1 | E90: =COTAÇÕES!BW46 -> 203.54833 | F90: =E90*D90 -> 203.54833
A91: 9872 | B91: TUBO PVC, SOLDAVEL, DN 85 MM, AGUA FRIA (NBR-5648) | C91: M | D91: 6 | E91: 57.52 | F91: =E91*D91 -> 345.12
A92: 9874 | B92: TUBO PVC, SOLDAVEL, DN 40 MM, AGUA FRIA (NBR-5648) | C92: M | D92: 0.5 | E92: 13.83 | F92: =E92*D92 -> 6.915
A93: V0000043 | B93: ESPIGÃO MACHO E FÊMEA, COM ROSCA,Ø 1.1/4 | C93: UN | D93: 1 | E93: =COTAÇÕES!BW14 -> 72 | F93: =E93*D93 -> 72
A94: V0000044 | B94: FLANGE LIVRE DE PVC, SOLDÁVEL, DE 85 MM | C94: UN | D94: 1 | E94: =COTAÇÕES!BW28 -> 152.7225 | F94: =E94*D94 -> 152.7225
A95: V0000045 | B95: MANGUEIRA DE PVC FLEXÍVEL, Ø 1.1/4" | C95: M | D95: 2 | E95: =COTAÇÕES!BW30 -> 106.44 | F95: =E95*D95 -> 212.88
A96: 39130 | B96: ABRACADEIRA EM ACO PARA AMARRACAO DE ELETRODUTOS, TIPO D, COM 1 1/4" E CUNHA DE FIXACAO | C96: UN | D96: 1 | E96: 2.92 | F96: =E96*D96 -> 2.92
A97: V0000046 | B97: VÁLVULA DE RETENÇÃO SOLD. EM PP, DE 85MM | C97: UN | D97: 1 | E97: =COTAÇÕES!BW69 -> 2413.04 | F97: =E97*D97 -> 2413.04
A98: 119 | B98: ADESIVO PLASTICO PARA PVC, BISNAGA COM 75 GR | C98: UN | D98: 1 | E98: 8 | F98: =E98*D98 -> 8
A99: Regulamentação: Descrição do Serviço: INTERLIGAÇÃO DO TANQUE DE LODO ADENSADO A CENTRÍFUGA, CONFORME PROJETO - FORNECIMENTO E INSTALAÇÃO. Compreende toda mão de obra e os materiais e equipamentos necessários. Inclui ainda, toda e qualquer movimentação das peças no local da obra, transportes verticais e horizontais, com o emprego de processos manuais ou mecânicos. Critério de Medição: Por unidade, em comum acordo com fiscalização
A100: SE11000/O0-M011 | B100: JUNTA DE DESMONTAGEM DE F°F°( JDTA10 ), DN 100 MM | E100: UN | F100: =SUM(F101) -> 1121.31
...

Sheet COTAÇÕES
A1: N° Item | B1: Cód. Produto | C1: Descrição Produto | D1: Unidade | E1: Quantidade | J1: ALLEGRINI GRADES | M1: Só Portas e Janelas | O1: Parana Steel | Q1: RUBBER PLASTIC | Z1: Imake | AD1: Mangueflex | AE1: Dax | AJ1: Molyplast | AO1: Ilitalia | AP1: Muito | AQ1: Mundial | AR1: Conecões Catarinense | AS1: KING TALHAS | AT1: RM FERRAMENTAS | AU1: PP Pumping e Plumbing | AV1: VIGO VALVULAS | AW1: AQUA PLASTIC | AX1: JV TUBOS E ACADEMICOS LTDA | AY1: AC CAETANO | BB1: Caetano | BC1: Cia da Borracha | BD1: estruturas do Vale | BE1: MC Produtos | BF1: LCB Saneamento LTDA. | BG1: Tresmacol | BH1: Ferpam | BI1: Aerodinâmica | BJ1: Am1 Negocios e Servios LTDA | BK1: Sanecon Comercio de Tubos e Conexoes LTDA | BL1: Salvati Export Pipes Tubos e Conexoes LTDA | BM1: Tubcon Tubos e conexoes, Distribuicao e Servicos LTDA | BN1: Star Fortes Comercio, Industria e Apoio Administrativo LTDA | BO1: Hidraulica Sao Paulo Comercio de Materiais de Construcao LTDA | BP1: PB Representaçoes | BQ1: Policaçambas | BR1: Mirassol implementos | BS1: PAMCORE | BT1: COMERCIAL LANEL | BU1: Construmaq | BV1: Media | BW1: Mediana
F2: ATX | G2: GS ESTRUTURA METÁLICAS | H2: SAN | I2: ESQUADRI FLEX | K2: CIA DO ALUMINIO | L2: PORTO | N2: NETZSCH | P2: MADS | R2: MANGLOG | S2: GARDEN | T2: CONEXÃO PEÇAS | U2: PONTO DO ENCANADOR | V2: SANEFLUI | W2: MESTREHIDRO | X2: bilcom | Y2: VIA ANEAMENTO | AA2: 911 emergencia | AC2: TRNSBOR | AF2: OLIPLAS | AG2: MANGLOG | AH2: TOP HIDRAULIC | AI2: REI DAS MANGUEIRAS | AK2: COREMMA | AL2: MARERCON | AM2: PHELPS | AN2: BORTÔ | AZ2: HB | BA2: SHIVA
A3: 3 | C3: ARRUELA C/ BORRACHA (ABMF), DN 150 MM | D3: UN | E3: 1 | BB3: 73.43 | BC3: 12 | BP3: 126 | BS3: 79.12 | BV3: =AVERAGE(F3:BU3) -> 72.6375 | BW3: =MEDIAN(F3:BV3) -> 73.43
A4: 1 | C4: ARRUELA C/ BORRACHA ( ABMF ), DN 400 MM | D4: UN | E4: 1 | V4: 64.79 | X4: 53.94 | BC4: 59 | BV4: =AVERAGE(F4:BU4) -> 59.243333 | BW4: =MEDIAN(F4:BV4) -> 59.121667
A5: 2 | C5: ARRUELA C/ BORRACHA (ABMF), DN 100 MM | D5: UN | E5: 1 | BB5: 56.01 | BC5: 7.9 | BP5: 95 | BS5: 60.46 | BV5: =AVERAGE(F5:BU5) -> 54.8425 | BW5: =MEDIAN(F5:BV5) -> 56.01
A6: 4 | C6: CABEÇOTE (CAB) - EURO 300/350/400 MM | D6: UN | E6: 1 | Y6: 290 | AA6: 352 | BP6: 180 | BV6: =AVERAGE(F6:BU6) -> 274 | BW6: =MEDIAN(F6:BV6) -> 282
C7: CAÇAMBA ESTACIONÁRIA, CAPACIDADE DE 5 M3 | D7: UN | E7: 1 | BQ7: 5000 | BR7: 6400 | BU7: 7100 | BV7: =AVERAGE(F7:BU7) -> 6166.6667 | BW7: =MEDIAN(F7:BV7) -> 6283.3333
A8: 7 | C8: CONJUNTO MOTOBOMBA SUBMERSA, POT. 7,5 KW | D8: UN | E8: 1 | N8: 32510 | AZ8: 25900 | BT8: 39554 | BV8: =AVERAGE(F8:BU8) -> 32654.667 | BW8: =MEDIAN(F8:BV8) -> 32582.333
A9: 10 | C9: CURVA 90°DE F°F°(C90°FF10), DN 100 MM | D9: UN | E9: 1 | BE9: 486.67 | BF9: 545.18 | BK9: 228 | BN9: 348 | BO9: 399 | BP9: 551 | BS9: 380.24 | BV9: =AVERAGE(F9:BU9) -> 419.72714 | BW9: =MEDIAN(F9:BV9) -> 409.36357
A10: 9 | C10: CURVA 90°DE F°F°(C90°FF10), DN 150 MM | D10: UN | E10: 1 | BE10: 788.74 | BF10: 883.56 | BK10: 399.5 | BL10: 420 | BM10: 489 | BP10: 893 | BS10: 492.4 | BV10: =AVERAGE(F10:BU10) -> 623.74286 | BW10: =MEDIAN(F10:BV10) -> 558.07143
A11: 8 | C11: CURVA 90°DE F°F°(C90°FF10), DN 400 MM | D11: UN | E11: 1 | BE11: 5572.37 | BF11: 7744 | BP11: 5460 | BS11: 10418.75 | BV11: =AVERAGE(F11:BU11) -> 7298.78 | BW11: =MEDIAN(F11:BV11) -> 7298.78
A12: 11 | C12: CURVA 90°DE F°F°, (C90°JGS), DN 400 MM | D12: UN | E12: 1 | BE12: 3143.46 | BF12: 3748.54 | BP12: 3480 | BS12: 8466.88 | BV12: =AVERAGE(F12:BU12) -> 4709.72 | BW12: =MEDIAN(F12:BV12) -> 3748.54
A13: 12 | C13: ESCADA METÁLICA MÓVEL, CONFORME PROJETO | D13: Un | E13: 1 | G13: 5930 | H13: 7390 | O13: 2500 | BD13: 1700 | BV13: =AVERAGE(F13:BU13) -> 4380 | BW13: =MEDIAN(F13:BV13) -> 4380
A14: 13 | C14: ESPIGÃO MACHO E FÊMEA, COM ROSCA,Ø 1.1/4 | D14: UN | E14: 1 | Q14: 72 | R14: 75 | S14: 58.58 | T14: 72.82 | BV14: =AVERAGE(F14:BU14) -> 69.6 | BW14: =MEDIAN(F14:BV14) -> 72
A15: 26 | C15: ESPIGÃO MACHO E FÊMEA, COM ROSCA,Ø 1.1/4 | D15: UM | E15: 1 | Q15: 72 | R15: 75 | S15: 58.58 | T15: 72.82 | BV15: =AVERAGE(F15:BU15) -> 69.6 | BW15: =MEDIAN(F15:BV15) -> 72
A16: 30 | C16: ESPIGÃO MACHO E FÊMEA, Ø 1/2" | D16: UN | E16: 1 | Q16: 22.3 | R16: 18 | S16: 17.74 | T16: 16.91 | BV16: =AVERAGE(F16:BU16) -> 18.7375 | BW16: =MEDIAN(F16:BV16) -> 18
A17: 33 | C17: ESPIGÃO MACHO E FÊMEA, Ø 3/4" | D17: UN | E17: 1 | Q17: 32 | R17: 25 | S17: 24.43 | T17: 26.06 | BV17: =AVERAGE(F17:BU17) -> 26.8725 | BW17: =MEDIAN(F17:BV17) -> 26.06
A18: 13 | C18: ESPIGÃO MACHO E FÊMEA, ROSCA, Ø 2.1/2" | D18: UN | E18: 1 | P18: 213 | Q18: 227 | R18: 230 | BV18: =AVERAGE(F18:BU18) -> 223.33333 | BW18: =MEDIAN(F18:BV18) -> 225.16667
A19: 14 | C19: ESQUADRIAS DE ALUMÍNIO COM TELA ONDULADA | D19: UN | E19: 1 | F19: 260 | I19: 650 | J19: 482.4 | BV19: =AVERAGE(F19:BU19) -> 464.13333 | BW19: =MEDIAN(F19:BV19) -> 473.26667
A20: 15 | C20: ESQUADRIAS DE ALUMÍNIO COM TELA ONDULADA | D20: UN | E20: 1 | F20: 260 | I20: 650 | J20: 482.4 | BV20: =AVERAGE(F20:BU20) -> 464.13333 | BW20: =MEDIAN(F20:BV20) -> 473.26667
A21: 17 | C21: FLANGE LIVRE DE PVC, SOLDÁVEL, DE 100 MM | D21: UN | E21: 1 | AO21: 179 | AR21: 159.6 | AU21: 280 | BA21: 293.93 | BV21: =AVERAGE(F21:BU21) -> 228.1325 | BW21: =MEDIAN(F21:BV21) -> 228.1325
A22: 25 | C22: FLANGE LIVRE DE PVC, SOLDÁVEL, DE 60 MM | D22: UN | E22: 1 | AL22: 185 | AO22: 94.5 | AR22: 112.64 | AU22: 70 | BA22: 160 | BV22: =AVERAGE(F22:BU22) -> 124.428 | BW22: =MEDIAN(F22:BV22) -> 118.534
A23: 29 | C23: FLANGE LIVRE DE PVC, SOLDÁVEL, DE 60 MM | D23: UN | E23: 1 | AL23: 185 | AO23: 94.5 | AR23: 112.64 | AU23: 70 | BA23: 160 | BV23: =AVERAGE(F23:BU23) -> 124.428 | BW23: =MEDIAN(F23:BV23) -> 118.534
A24: 45 | C24: FLANGE LIVRE DE PVC, SOLDÁVEL, DE 60 MM | D24: UN | E24: 1 | AL24: 185 | AO24: 94.5 | AR24: 112.64 | AU24: 70 | BA24: 160 | BV24: =AVERAGE(F24:BU24) -> 124.428 | BW24: =MEDIAN(F24:BV24) -> 118.534
A25: 49 | C25: FLANGE LIVRE DE PVC, SOLDÁVEL, DE 60 MM | D25: UN | E25: 1 | AL25: 185 | AO25: 94.5 | AR25: 112.64 | AU25: 70 | BA25: 160 | BV25: =AVERAGE(F25:BU25) -> 124.428 | BW25: =MEDIAN(F25:BV25) -> 118.534
A26: 23 | C26: FLANGE LIVRE DE PVC, SOLDÁVEL, DE 75 MM | D26: UM | E26: 1 | AO26: 107.5 | AR26: 111.57 | AU26: 130 | BA26: 183.29 | BV26: =AVERAGE(F26:BU26) -> 133.09 | BW26: =MEDIAN(F26:BV26) -> 130
A27: 20 | C27: FLANGE LIVRE DE PVC, SOLDÁVEL, DE 85 MM | D27: UN | E27: 1 | AO27: 125 | AR27: 116.89 | AU27: 160 | BA27: 209 | BV27: =AVERAGE(F27:BU27) -> 152.7225 | BW27: =MEDIAN(F27:BV27) -> 152.7225
A28: 44 | C28: FLANGE LIVRE DE PVC, SOLDÁVEL, DE 85 MM | D28: UN | E28: 1 | AO28: 125 | AR28: 116.89 | AU28: 160 | BA28: 209 | BV28: =AVERAGE(F28:BU28) -> 152.7225 | BW28: =MEDIAN(F28:BV28) -> 152.7225
A29: 36 | C29: LUVA DE F°F°, COM BOLSAS, (LJGS), DN 100 | D29: UN | E29: 1 | BF29: 369.36 | BP29: 310 | BS29: 418.5 | BV29: =AVERAGE(F29:BU29) -> 365.95333 | BW29: =MEDIAN(F29:BV29) -> 367.65667
A30: 21 | C30: MANGUEIRA DE PVC FLEXÍVEL, Ø 1.1/4" - 4 METROS | D30: UN | E30: 1 | AD30: 104.88 | AE30: 104.4 | AG30: 96 | AH30: 300.28 | AJ30: 108 | BV30: =AVERAGE(F30:BU30) -> 142.712 | BW30: =MEDIAN(F30:BV30) -> 106.44
A31: 27 | C31: MANGUEIRA DE PVC FLEXÍVEL, Ø 1.1/4"- 4 METROS | D31: UN | E31: 1 | AD31: 104.88 | AE31: 104.4 | AG31: 96 | AH31: 300.28 | AJ31: 108 | BV31: =AVERAGE(F31:BU31) -> 142.712 | BW31: =MEDIAN(F31:BV31) -> 106.44
A32: 31 | C32: MANGUEIRA DE PVC FLEXÍVEL, Ø 1/2"- 2 METROS | D32: UN | E32: 1 | AD32: 14 | AE32: 13.06 | AH32: 49.9 | AI32: 12.6 | AJ32: 23.8 | BV32: =AVERAGE(F32:BU32) -> 22.672 | BW32: =MEDIAN(F32:BV32) -> 18.336
A33: 34 | C33: MANGUEIRA DE PVC FLEXÍVEL, Ø 3/4" 2 METROS | D33: UN | E33: 1 | AD33: 20.36 | AE33: 27.9 | AF33: 26.14 | AI33: 19.2 | AJ33: 29.6 | BV33: =AVERAGE(F33:BU33) -> 24.64 | BW33: =MEDIAN(F33:BV33) -> 25.39
A34: 35 | C34: MANGUEIRA DE PVC FLEXÍVEL, REF. Ø 2.1/2 -1 METRO | D34: UN | E34: 1 | AC34: 190 | AE34: 43.89 | AH34: 239.46 | BV34: =AVERAGE(F34:BU34) -> 157.78333 | BW34: =MEDIAN(F34:BV34) -> 173.89167
A35: 38 | C35: PARAFUSO COM PORCA (PPFIQ), Ø 16 X 80 | D35: UN | E35: 1 | AY35: 19.2 | BP35: 8.6 | BS35: 10.77 | BV35: =AVERAGE(F35:BU35) -> 12.856667 | BW35: =MEDIAN(F35:BV35) -> 11.813333
A36: 39 | C36: PARAFUSO COM PORCA (PPFIQ), Ø 20 X 90 | D36: UN | E36: 1 | AY36: 31.2 | BP36: 15.2 | BS36: 18.14 | BV36: =AVERAGE(F36:BU36) -> 21.513333 | BW36: =MEDIAN(F36:BV36) -> 19.826667
A37: 40 | C37: PARAFUSO COM PORCA (PPFIQ10), Ø 24 X 110 | D37: UN | E37: 1 | AY37: 42.44 | BP37: 25 | BS37: 41.5 | BV37: =AVERAGE(F37:BU37) -> 36.313333 | BW37: =MEDIAN(F37:BV37) -> 38.906667
A38: 41 | C38: PORTA COMPLETA EM CHAPA DE AÇO, DE ABRIR | D38: UN | E38: 1 | K38: 2862.02 | L38: 1688 | M38: 1810.53 | BV38: =AVERAGE(F38:BU38) -> 2120.1833 | BW38: =MEDIAN(F38:BV38) -> 1965.3567
A39: 42 | C39: REGISTRO DE F°F°, ( R23FC10 ), DN 400 | D39: UN | E39: 1 | AX39: 27845 | BF39: 16937.8 | BP39: 10466 | BV39: =AVERAGE(F39:BU39) -> 18416.267 | BW39: =MEDIAN(F39:BV39) -> 17677.033
A40: 43 | C40: REGISTRO DE GAVETA F°F°(R23FV10), DN100 | D40: UN | E40: 1 | AX40: 1271 | BF40: 1892 | BP40: 1160 | BV40: =AVERAGE(F40:BU40) -> 1441 | BW40: =MEDIAN(F40:BV40) -> 1356
A41: 6 | C41: ROLDANA CONCOVA DUPLA, EM CHAPA DE ACO, | D41: UN | E41: 1 | AK41: 874.4 | AM41: 625 | AN41: 661.2 | BV41: =AVERAGE(F41:BU41) -> 720.2 | BW41: =MEDIAN(F41:BV41) -> 690.7
A42: 51 | C42: TALHA MANUAL 3 TON. CORRENTE COM 3 METRO | D42: UN | E42: 1 | AN42: 832.2 | AS42: 823 | AT42: 616.16 | BH42: 1396.15 | BV42: =AVERAGE(F42:BU42) -> 916.8775 | BW42: =MEDIAN(F42:BV42) -> 832.2
A43: 52 | C43: TAMPÃO DE FERRO FUNDIDO PARA CAIXA DE REGISTRO, TIPO TD5 | D43: UN | E43: 1 | BF43: 198 | BP43: 420 | BS43: 207.81 | BV43: =AVERAGE(F43:BU43) -> 275.27 | BW43: =MEDIAN(F43:BV43) -> 241.54
A44: 54 | C44: TE DE F°F°( TFF10 ), DN 400 X 400 MM | D44: UN | E44: 1 | BE44: 12546.94 | BF44: 13689.98 | BP44: 6736 | BS44: 13621.13 | BV44: =AVERAGE(F44:BU44) -> 11648.512 | BW44: =MEDIAN(F44:BV44) -> 12546.94
A45: 53 | C45: TE DE F°F°(TFF10), DN 150 X 150 MM | D45: UN | E45: 1 | BE45: 1197.97 | BF45: 1503.92 | BP45: 1225 | BS45: 818.17 | BV45: =AVERAGE(F45:BU45) -> 1186.265 | BW45: =MEDIAN(F45:BV45) -> 1197.97
A46: 18 | C46: TE DE REDUCAO, PVC, SOLDAVEL, DE 85 X 75 | D46: UN | E46: 1 | U46: 201.26 | W46: 181.17 | AP46: 235.08 | BV46: =AVERAGE(F46:BU46) -> 205.83667 | BW46: =MEDIAN(F46:BV46) -> 203.54833
A47: 59 | C47: TOCO COM FLANGES (TOFAV10), DN 150 MM | D47: UN | E47: 1 | BF47: 1311.42 | BP47: 1400 | BS47: 1097.04 | BV47: =AVERAGE(F47:BU47) -> 1269.4867 | BW47: =MEDIAN(F47:BV47) -> 1290.4533
A48: 55 | C48: TOCO DE F°F°(TOF10), DN 100 L= 0,25 M | D48: UN | E48: 1 | BE48: 531.18 | BF48: 468.6 | BP48: 450 | BS48: 453.59 | BV48: =AVERAGE(F48:BU48) -> 475.8425 | BW48: =MEDIAN(F48:BV48) -> 468.6
A49: 56 | C49: TOCO DE F°F°(TOF10), DN 100 L= 0,50 M | D49: UN | E49: 1 | BE49: 711.79 | BF49: 673.2 | BP49: 600 | BS49: 549.52 | BV49: =AVERAGE(F49:BU49) -> 633.6275 | BW49: =MEDIAN(F49:BV49) -> 633.6275
A50: 57 | C50: TOCO DE F°F°(TOF10), DN 150 L= 0,25 M | D50: UN | E50: 1 | BE50: 740.44 | BF50: 672.65 | BP50: 673 | BS50: 617.74 | BV50: =AVERAGE(F50:BU50) -> 675.9575 | BW50: =MEDIAN(F50:BV50) -> 673
A51: 58 | C51: TOCO DE F°F°(TOF10), DN 400 L= 0,25 M | D51: UN | E51: 1 | BE51: 2729.88 | BF51: 1969 | BP51: 2112 | BS51: 2701.19 | BV51: =AVERAGE(F51:BU51) -> 2378.0175 | BW51: =MEDIAN(F51:BV51) -> 2378.0175
A52: 60 | C52: TUBO DE F°F°(TFB10), DN 400 L= 1,00 M | D52: UN | E52: 1 | BE52: 3313.78 | BF52: 3063.5 | BP52: 2500 | BS52: 5012.85 | BV52: =AVERAGE(F52:BU52) -> 3472.5325 | BW52: =MEDIAN(F52:BV52) -> 3313.78
A53: 67 | C53: TUBO DE F°F°(TFL10), DN 100 MM L= 0,70M | D53: UN | E53: 1 | BE53: 856.29 | BF53: 836.88 | BP53: 720 | BS53: 2646.72 | BV53: =AVERAGE(F53:BU53) -> 1264.9725 | BW53: =MEDIAN(F53:BV53) -> 856.29
A54: 68 | C54: TUBO DE F°F°(TFL10), DN 100 MM L= 1,85M | D54: UN | E54: 1 | BE54: 1687.12 | BF54: 1778.04 | BP54: 1410 | BS54: 3275.55 | BV54: =AVERAGE(F54:BU54) -> 2037.6775 | BW54: =MEDIAN(F54:BV54) -> 1778.04
A55: 64 | C55: TUBO DE F°F°(TFP10), DN 400 L= 1,50 M | D55: UN | E55: 1 | BE55: 4113.3 | BF55: 4961 | BP55: 3050 | BS55: 5635.81 | BV55: =AVERAGE(F55:BU55) -> 4440.0275 | BW55: =MEDIAN(F55:BV55) -> 4440.0275
A56: 63 | C56: TUBO DE F°F°COM FLANGE E PONTA (TFP10), DN 400 MM L= 1,00 M | D56: UN | E56: 1 | BE56: 3113.9 | BF56: 3063.5 | BP56: 2325 | BS56: 4865.33 | BV56: =AVERAGE(F56:BU56) -> 3341.9325 | BW56: =MEDIAN(F56:BV56) -> 3113.9
A57: 61 | C57: TUBO F°F°(TFP10), DN 100 L= 1,00 M | D57: UN | E57: 1 | BE57: 897.74 | BF57: 1950.4 | BP57: 750 | BS57: 1827.81 | BV57: =AVERAGE(F57:BU57) -> 1356.4875 | BW57: =MEDIAN(F57:BV57) -> 1356.4875
A58: 65 | C58: TUBO F°F°(TFP10), DN 100 L= 1,00 M | D58: UN | E58: 1 | BE58: 897.74 | BF58: 950.4 | BP58: 750 | BS58: 1827.81 | BV58: =AVERAGE(F58:BU58) -> 1106.4875 | BW58: =MEDIAN(F58:BV58) -> 950.4
A59: 66 | C59: TUBO F°F°(TFP10), DN 100 L= 3,50 M | D59: UN | E59: 1 | BE59: 3018.13 | BF59: 2996.4 | BP59: 2250 | BS59: 3399.4 | BV59: =AVERAGE(F59:BU59) -> 2915.9825 | BW59: =MEDIAN(F59:BV59) -> 2996.4
A60: 62 | C60: TUBO F°F°(TFP10), DN 150 L= 1,00 M | D60: UN | E60: 1 | BE60: 1082.14 | BF60: 1150.6 | BP60: 949 | BS60: 2456.97 | BV60: =AVERAGE(F60:BU60) -> 1409.6775 | BW60: =MEDIAN(F60:BV60) -> 1150.6
A61: 69 | C61: VÁLVULA BORBOLETA F°F°(VBF10WCV), DN100 | D61: UN | E61: 1 | BE61: 3005.19 | BP61: 3662 | BS61: 18168.29 | BV61: =AVERAGE(F61:BU61) -> 8278.4933 | BW61: =MEDIAN(F61:BV61) -> 5970.2467
A62: 70 | C62: VÁLVULA BORBOLETA F°F°(VBF10WCV), DN150 | D62: UN | E62: 1 | BE62: 3883.34 | BP62: 5300 | BS62: 13815.65 | BV62: =AVERAGE(F62:BU62) -> 7666.33 | BW62: =MEDIAN(F62:BV62) -> 6483.165
A63: 71 | C63: VÁLVULA BORBOLETA F°F°(VBF10WCV), DN400 | D63: UN | E63: 1 | BE63: 17543.31 | BJ63: 15200 | BP63: 22000 | BS63: 32021.21 | BV63: =AVERAGE(F63:BU63) -> 21691.13 | BW63: =MEDIAN(F63:BV63) -> 21691.13
A64: 46 | C64: VÁLVULA DE ESFERA SOLDÁVEL EM PP, DE 40 | D64: UN | E64: 1 | AV64: 253.94 | AW64: 96 | AX64: 52.93 | BI64: 195 | BV64: =AVERAGE(F64:BU64) -> 149.4675 | BW64: =MEDIAN(F64:BV64) -> 149.4675
A65: 16 | C65: VÁLVULA DE ESFERA SOLDÁVEL EM PP, DE 50 | D65: UM | E65: 1 | AV65: 253.94 | AW65: 125.4 | AX65: 50.52 | BI65: 209 | BV65: =AVERAGE(F65:BU65) -> 159.715 | BW65: =MEDIAN(F65:BV65) -> 159.715
A66: 47 | C66: VÁLVULA DE ESFERA SOLDÁVEL EM PP, DE 60 | D66: UN | E66: 1 | AV66: 377.82 | AX66: 113 | BI66: 306 | BV66: =AVERAGE(F66:BU66) -> 265.60667 | BW66: =MEDIAN(F66:BV66) -> 285.80333
A67: 50 | C67: VÁLVULA DE ESFERA SOLDÁVEL EM PP, DE 60 | D67: UN | E67: 1 | AV67: 377.82 | AX67: 113 | BI67: 306 | BV67: =AVERAGE(F67:BU67) -> 265.60667 | BW67: =MEDIAN(F67:BV67) -> 285.80333
A68: 48 | C68: VÁLVULA DE ESFERA SOLDÁVEL EM PP, DE 85 | D68: UN | E68: 1 | AU68: 850 | AV68: 860.06 | BI68: 1470 | BV68: =AVERAGE(F68:BU68) -> 1060.02 | BW68: =MEDIAN(F68:BV68) -> 960.04
A69: 22 | C69: VÁLVULA DE RETENÇÃO SOLD. EM PP, DE 85MM | D69: UN | E69: 1 | Z69: 3300.5 | AV69: 1137.74 | BI69: 2510 | BV69: =AVERAGE(F69:BU69) -> 2316.08 | BW69: =MEDIAN(F69:BV69) -> 2413.04
A70: 24 | C70: VÁLVULA DE RETENÇÃO SOLD.EM PP, DE 75MM | D70: UN | E70: 1 | AU70: 1950 | AV70: 1137.74 | AW70: 477.6 | BV70: =AVERAGE(F70:BU70) -> 1188.4467 | BW70: =MEDIAN(F70:BV70) -> 1163.0933
A71: 28 | C71: VÁLVULA DE RETENÇÃO SOLDÁVEL EM PP,DE 60 | D71: UN | E71: 1 | AU71: 520 | AV71: 490.56 | BI71: 1190 | BV71: =AVERAGE(F71:BU71) -> 733.52 | BW71: =MEDIAN(F71:BV71) -> 626.76
A72: 32 | C72: VÁLVULA DE RETENÇÃO SOLDÁVEL EM PP,DE 60 | D72: UN | E72: 1 | AU72: 520 | AV72: 490.56 | BI72: 1190 | BV72: =AVERAGE(F72:BU72) -> 733.52 | BW72: =MEDIAN(F72:BV72) -> 626.76
A73: 35 | C73: VÁLVULA DE RETENÇÃO SOLDÁVEL EM PP,DE 60 | D73: UN | E73: 1 | AU73: 520 | AV73: 490.56 | BI73: 1190 | BV73: =AVERAGE(F73:BU73) -> 733.52 | BW73: =MEDIAN(F73:BV73) -> 626.76
A74: 72 | C74: VÁLVULA DE RETENÇÃO, OBTURADOR , DN 100 | D74: UN | E74: 1 | AU74: 4100 | BI74: 3080 | BP74: 2100 | BS74: 1747.4 | BV74: =AVERAGE(F74:BU74) -> 2756.85 | BW74: =MEDIAN(F74:BV74) -> 2756.85
A78: VALIDADE DA PROPOSTA: 60 DIAS. | E78: VALOR GLOBAL
A80: FRETE CIF
A81: DECLARO para os devidos fins legais, que nos preços acima propostos estão incluídos todos os impostos, taxas e encargos devidos, bem como quaisquer outras despesas diretas e indiretas incidentes na execução do obeto desta roposta
A84: Local e Data
BV85: Atenciosamente e grato;
A87: Assinatura do responsável pela empresa ou preposto | E87: Guilherme Belineli
A88: Nome completo e qualificação | E88: Seção de Compras
A89: Função (proprietário, sócio-gerente, diretor, etc) | E89: 35-3265-9506.
A90: CPF e RG | E90: e-mail: compras1@saaetpo.mg.gov.br
